 Dungeon Crawl Stone Soup version 0.30-a0-956-gcec3b41aec (webtiles) character file.

Game seed: 1141079104738867609

755817 jasper the Conqueror (level 27, -1/218 HPs)
             Began as a Gargoyle Hunter on Mar 28, 2023.
             Was the Champion of Jiyva.
             Killed from afar by a Hell Sentinel (16 damage)
             ... with damnation
             ... on level 7 of the Iron City of Dis on Mar 29, 2023.
             The game lasted 03:06:18 (72179 turns).

jasper the Conqueror (Gargoyle Hunter)             Turns: 72179, Time: 03:06:19

Health: -1/218     AC: 70    Str: 26 (31) XL:     27
Magic:  5/28       EV: 14    Int: 17 (19) God:    Jiyva [******]
Gold:   3680       SH: 28    Dex: 17 (18) Spells: 24/26 levels left

rFire   + + +      SeeInvis +    l - +18 lance "Wyrmbane" {slay drac, rPois rF+ rC+ AC+3}
rCold   + + +      Faith    .    g - +2 shield of Resistance {rF++ rC++ Will++}
rNeg    + + .      Spirit   .    O - +12 gold dragon scales
rPois   ∞          Reflect  .    Z - +2 helmet {SInv}
rElec   +          Rampage  .    C - scarf "Efastreg" {rC+ rF+, rElec Regen+ Int+4 Dex+5}
rCorr   +          NoCast   +    K - +3 Mad Mage's Maulers {Infuse+∞ VampMP -Cast}
Will    +++++                    U - +3 pair of boots "Amyon" {rF++} Stlth
                                 E - amulet of regeneration
HPRegen 3.76/turn                z - ring "Diuhiu Koda" {Fly rC+ Will+ Slay+3}
MPRegen 0.71/turn                N - ring of the Real Monster {rN+ rCorr Str+6 Dex-3 Slay+3}

@: flying, studying 2 skills, corroded
A: sickness immunity, AC +20, big wings, negative energy resistance 1,
electricity resistance, torment resistance 1, petrification resistance,
iridescent scales 1, large bone plates 3, thin skeletal structure 2, clever 1,
deterioration 1, high MP 1, robust 1, screaming 1, weak 1, translucent skin 3,
jelly absorbing missiles
}: 6/15 runes: decaying, serpentine, slimy, silver, golden, abyssal
a: Renounce Religion, Oozemancy, Slimify


You were on level 7 of the Iron City of Dis.
You worshipped Jiyva.
Jiyva was exalted by your worship.
You visited 15 branches of the dungeon, and saw 67 of its levels.
You visited the Abyss 4 times.
You visited 1 bazaar.
You also visited: Volcano and Wizlab.

You collected 7765 gold pieces.
You spent 4085 gold pieces at shops.

Inventory:

Hand Weapons
 l - the +18 lance "Wyrmbane" (weapon) {slay drac, rPois rF+ rC+ AC+3}
   (You found it on level 5 of the Dungeon)

   AC:        It affects your AC (+3).
   rF:        It protects you from fire.
   rC:        It protects you from cold.
   rPois:     It protects you from poison.
Missiles
 w - 8 javelins (quivered)
 Y - 28 curare-tipped darts
Armour
 a - the -2 hat of the Alchemist {rElec rPois rF+ rC+ rN+ Will+ rMut rCorr}
   (You found it on level 3 of the Tomb of the Ancients)

   rF:        It protects you from fire.
   rC:        It protects you from cold.
   rElec:     It insulates you from electricity.
   rPois:     It protects you from poison.
   rN:        It protects you from negative energy.
   rCorr:     It protects you from acid and corrosion.
   rMut:      It protects you from mutation.
   Will:      It increases your willpower.
 g - the +2 shield of Resistance (worn) {rF++ rC++ Will++}
   (You found it on level 2 of the Snake Pit)

   rF:        It greatly protects you from fire.
   rC:        It greatly protects you from cold.
   Will:      It greatly increases your willpower.
 C - the scarf "Efastreg" (worn) {rC+ rF+, rElec Regen+ Int+4 Dex+5}
   (You acquired it on level 5 of the Lair of Beasts)

   Int:       It affects your intelligence (+4).
   Dex:       It affects your dexterity (+5).
   rElec:     It insulates you from electricity.
   Regen:     It increases your rate of health regeneration.
 I - a +5 tower shield of reflection
 K - the +3 Mad Mage's Maulers (worn) {Infuse+∞ VampMP -Cast}
   (You found it on level 5 of the Pits of Slime)

   Infuse+∞: It empowers its wearer's blows with all of their magic.
   VampMP:    Blows struck in melee replenish the wearer's magic.
   -Cast:     It prevents spellcasting.
 O - +12 gold dragon scales (worn)
 U - the +3 pair of boots "Amyon" (worn) {rF++}
   (Okawaru gifted it to you on level 2 of the Lair of Beasts)

   rF:        It greatly protects you from fire.
 Z - a +2 helmet of see invisible (worn)
Jewellery
 d - a +4 ring of protection
 m - a ring of protection from fire
 y - a ring of positive energy
 z - the ring "Diuhiu Koda" (left hand) {Fly rC+ Will+ Slay+3}
   (You took it off a yellow draconian on level 1 of the Realm of Zot)

   [ring of flight]

   Slay:      It affects your accuracy & damage with ranged weapons and melee
   (+3).
   rC:        It protects you from cold.
   Fly:       It grants you flight.
   Will:      It increases your willpower.
 E - an amulet of regeneration (around neck)
 H - a +4 ring of slaying
 N - the ring of the Real Monster (right hand) {rN+ rCorr Str+6 Dex-3 Slay+3}
   (You acquired it on level 9 of the Dungeon)

   [ring of resist corrosion]

   Str:       It affects your strength (+6).
   Dex:       It affects your dexterity (-3).
   Slay:      It affects your accuracy & damage with ranged weapons and melee
   (+3).
   rN:        It protects you from negative energy.
   rCorr:     It protects you from acid and corrosion.
 T - a +6 ring of strength
Wands
 r - a wand of digging (21)
 t - a wand of flame (16)
 u - a wand of iceblast (63)
 D - a wand of polymorph (18)
 F - a wand of acid (13)
Scrolls
 b - 3 scrolls of immolation
 c - 10 scrolls of fear
 h - 11 scrolls of teleportation
 n - 4 scrolls of silence
 o - 3 scrolls of magic mapping
 p - 5 scrolls of amnesia
 G - 5 scrolls of poison
 J - 10 scrolls of blinking
 P - 11 scrolls of fog
 W - 11 scrolls of vulnerability
Potions
 e - 8 potions of attraction
 f - 35 potions of curing
 i - 4 potions of invisibility
 k - 5 potions of ambrosia
 s - 14 potions of haste
 v - 4 potions of magic
 x - 6 potions of mutation
 B - 8 potions of brilliance
 M - 5 potions of resistance
 Q - 4 potions of lignification
 R - 9 potions of might
 S - 3 potions of cancellation
Miscellaneous
 q - a box of beasts
 A - a condenser vane (inert)
 L - a phantom mirror
 V - the horn of Geryon (inert)
 X - a tin of tremorstones (1/2)


   Skills:
 O Level 27 Fighting
 - Level 18.8 Polearms
 - Level 6.7 Ranged Weapons
 - Level 3.0 Throwing
 - Level 25.7 Armour
 - Level 14.7 Dodging
 - Level 1.1 Stealth
 - Level 26.5 Shields
 - Level 3.3 Invocations
 * Level 20.0 Evocations


You had 24 spell levels left.
You knew the following spells:

 Your Spells              Type           Power      Damage    Failure   Level
a - Blink                 Tloc           0%         N/A       95%         2

Your spell library contained the following spells:

 Spells                   Type           Power      Damage    Failure   Level
 Beastly Appendage        Tmut           0%         N/A       87%         1
 Foxfire                  Conj/Fire      0%         2x1d2     87%         1
 Freeze                   Ice            0%         1d3       87%         1
 Magic Dart               Conj           0%         1d3       87%         1
 Sandblast                Erth           0%         2d4       87%         1
 Shock                    Conj/Air       0%         1d3       87%         1
 Sting                    Tmut/Pois      0%         1d3       87%         1
 Summon Small Mammal      Summ           0%         N/A       87%         1
 Call Imp                 Summ           0%         N/A       95%         2
 Lesser Beckoning         Tloc           0%         N/A       95%         2
 Momentum Strike          Conj/Tloc      0%         3d8       95%         2
 Passwall                 Tmut/Erth      0%         N/A       95%         2
 Poisonous Vapours        Pois/Air       0%         N/A       95%         2
 Scorch                   Fire           0%         2d5       95%         2
 Wereblood                Tmut           0%         N/A       95%         2
 Call Canine Familiar     Summ           0%         N/A       99%         3
 Dazzling Flash           Conj/Hex       0%         N/A       99%         3
 Frozen Ramparts          Ice            0%         1d1       99%         3
 Hailstorm                Conj/Ice       0%         3d3       99%         3
 Ignite Poison            Fire/Tmut/Pois 0%         N/A       99%         3
 Inner Flame              Hex/Fire       0%         N/A       99%         3
 Kindle Blastsparks       Fire/Tloc/Air  0%         2d10      99%         3
 Mephitic Cloud           Conj/Pois/Air  0%         N/A       99%         3
 Ozocubu's Armour         Ice            0%         N/A       99%         3
 Portal Projectile        Hex/Tloc       0%         N/A       99%         3
 Spider Form              Tmut/Pois      0%         N/A       99%         3
 Stone Arrow              Conj/Erth      0%         3d7       99%         3
 Summon Guardian Golem    Hex/Summ       0%         N/A       99%         3
 Airstrike                Air            0%         2d(0-16)  100%        4
 Anguish                  Hex/Necr       0%         N/A       100%        4
 Animate Armour           Summ/Erth      0%         N/A       100%        4
 Animate Dead             Necr           0%         N/A       100%        4
 Dispel Undead            Necr           0%         3d6       100%        4
 Flame Wave               Conj/Fire      0%         2d4       100%        4
 Ice Form                 Ice/Tmut       0%         N/A       100%        4
 Iskenderun's Mystic Bla  Conj/Tloc      0%         2d3       100%        4
 Leda's Liquefaction      Hex/Erth       0%         N/A       100%        4
 Manifold Assault         Tloc           0%         N/A       100%        4
 Olgreb's Toxic Radiance  Pois           0%         N/A       100%        4
 Sticky Flame             Conj/Fire      0%         2d3       100%        4
 Summon Ice Beast         Ice/Summ       0%         N/A       100%        4
 Summon Lightning Spire   Summ/Air       0%         N/A       100%        4
 Alistair's Intoxication  Tmut/Pois      0%         N/A       100%        5
 Borgnjor's Vile Clutch   Necr/Erth      0%         N/A       100%        5
 Fireball                 Conj/Fire      0%         3d3       100%        5
 Freezing Cloud           Conj/Ice/Air   0%         6-21      100%        5
 Iskenderun's Battlesphe  Conj           0%         2d6       100%        5
 Lee's Rapid Deconstruct  Erth           0%         3d4*      100%        5
 Metabolic Englaciation   Hex/Ice        0%         N/A       100%        5
 Plasma Beam              Fire/Air       0%         2x1d7     100%        5
 Summon Forest            Summ/Tloc      0%         N/A       100%        5
 Yara's Violent Unravell  Hex/Tmut       0%         3d3       100%        5
 Conjure Ball Lightning   Conj/Air       0%         3x3d6     100%        6
 Death Channel            Necr           0%         N/A       100%        6
 Dispersal                Tloc           0%         N/A       100%        6
 Eringya's Noxious Bog    Tmut/Pois      0%         N/A       100%        6
 Iron Shot                Conj/Erth      0%         9d1       100%        6
 Simulacrum               Ice/Necr       0%         N/A       100%        6
 Starburst                Conj/Fire      0%         6d3       100%        6
 Summon Cactus Giant      Summ           0%         N/A       100%        6
 Enfeeble                 Hex            0%         N/A       100%        7
 Haunt                    Necr/Summ      0%         N/A       100%        7
 Malign Gateway           Summ/Tloc      0%         N/A       100%        7
 Orb of Destruction       Conj           0%         9d5       100%        7
 Spellforged Servitor     Conj/Summ      0%         N/A       100%        7
 Borgnjor's Revivificati  Necr           0%         N/A       100%        8
 Discord                  Hex            0%         N/A       100%        8
 Disjunction              Tloc           0%         N/A       100%        8
 Infestation              Necr           0%         N/A       100%        8
 Lehudib's Crystal Spear  Conj/Erth      0%         10d2      100%        8
 Summon Horrible Things   Summ           0%         N/A       100%        8
 Chain Lightning          Conj/Air       0%         N/A       100%        9
 Fire Storm               Conj/Fire      0%         5d1       100%        9
 Polar Vortex             Ice            0%         N/A       100%        9
 Shatter                  Erth           0%         3d5*      100%        9
 Cigotuvi's Dreadful Rot  Necr/Pois/Air  Unusable   N/A       N/A         2
 Sublimation of Blood     Necr           Unusable   N/A       N/A         2

Dungeon Overview and Level Annotations

Branches:
Dungeon (15/15)            Temple (1/1) D:4            Lair (5/5) D:9
  Swamp (4/4) Lair:3        Snake (4/4) Lair:2        Slime (5/5) Lair:5
    Orc (2/2) D:11            Elf (3/3) Orc:2        Vaults (5/5) D:13
  Crypt (3/3) Vaults:3       Tomb (3/3) Crypt:3      Depths (4/4) D:15
   Hell (visited)             Dis (7/7) Hell            Geh (0/7) Hell
    Coc (0/7) Hell            Tar (0/7) Hell            Zot (5/5) Depths:4
Volcano (visited)          WizLab (visited)

Altars:
Ashenzari
Cheibriados
Dithmenos
Elyvilon
Fedhas
Gozag
Hepliaklqana
Kikubaaqudgha
Makhleb
Nemelex Xobeh
Okawaru
Qazlal
Ru
Sif Muna
Trog
Uskayaw
Vehumet
Wu Jian
Xom
Yredelemnul
Zin
The Shining One
Jiyva

Shops:
D:12 (   Orc:1 (   Orc:2 =[=!([:?[   Elf:2 *   Snake:4 =*![   Vaults:3 *
Vaults:4 !   Depths:1 !?*

Portals:
Hell: Depths:1 Depths:2 Depths:3 Depths:4
Abyss: Depths:1 Depths:3
Pandemonium: Depths:2
Ziggurat: Depths:3
Trove: D:15 (give +2 gold dragon scales)

Annotations:
Lair:3 1 runed translucent door, Gamaf's ghost, journeyman MiFi
Slime:5 Royal Jelly
Elf:2 5 runed translucent doors
Vaults:2 1 runed translucent door, Reyb's ghost, veteran DsGl
Crypt:3 3 runed translucent doors, Omiorith's ghost, adept GrFi
Zot:4 2 transporters, Gehih's ghost, veteran MiBe


Innate Abilities, Weirdness & Mutations

You are immune to sickness and miasma.
Your stone body is resilient. (AC +20)
You are immune to poison.
Your large and strong wings let you fly.
You resist negative energy. (rN+)
You are resistant to electric shocks. (rElec)
You are resistant to unholy torment.
You are immune to petrification.
You are partially covered in iridescent scales. (AC +2)
You are completely covered in large bone plates. (SH +8)
You have a moderately thin skeletal structure. (Dex +4, Stealth++)
Your mind is acute. (Int +4, Str/Dex -1)
Your body sometimes deteriorates upon taking damage.
You have an increased reservoir of magic. (+10% MP)
You are robust. (+10% HP)
You occasionally shout uncontrollably at your foes.
You are weak. (Str -2)
Your transparent skin significantly reduces your foes' accuracy. (Stealth+)
You have a small jelly attached to you that may absorb projectiles.


Message History

The Hell Sentinel is almost dead.
You block the Hell Sentinel's attack. x3; The Hell Sentinel hits you.
* * * LOW HITPOINT WARNING * * *
You now have 0/28 mp.
You impale the Hell Sentinel!!
You kill the Hell Sentinel!
The iron dragon is engulfed in a thunderstorm.
The jelly is engulfed in a thunderstorm.
You kill the jelly!
That felt strangely unrewarding.
You regained 2 hp, and now have 27/218 hp.
You regained 3 mp, and now have 3/28 mp.
The tremorstone explodes into fragments!
The burst of rock shards engulfs the iron dragon.
The burst of rock shards engulfs the iron dragon but does no damage.
The burst of rock shards engulfs the Hell Sentinel but does no damage.
The burst of rock shards engulfs the iron dragon but does no damage. x2
The burst of rock shards engulfs the Hell Sentinel but does no damage.
The burst of rock shards engulfs you but does no damage.
The burst of rock shards engulfs the iron dragon!
The burst of rock shards engulfs the iron dragon but does no damage.
The burst of rock shards engulfs the iron dragon!
The burst of rock shards engulfs the iron dragon but does no damage.
The burst of rock shards engulfs the Hell Sentinel but does no damage.
The burst of rock shards engulfs you but does no damage.
The burst of rock shards engulfs the iron dragon but does no damage. x2
You hear a deafening roar!
You hear a shout! x2; You hear a deafening roar!
The Hell Sentinel gestures at you.
The sphere of damnation explodes!
The damnation engulfs you!!
* * * LOW HITPOINT WARNING * * *
The damnation engulfs the Hell Sentinel.
The Hell Sentinel completely resists.
The iron dragon is engulfed in a thunderstorm.
You hear a deafening roar!
You take 25 damage, and have 2/218 hp.
Okay, then.
You feel better. The Hell Sentinel gestures at you.
The sphere of damnation explodes!
The damnation engulfs you!
You die...

***,,,,,,,,,,,,,,,,,,*,,,#.......
***********,,,,,,,,,,*,,,#.......
,,*****###*****,,,.,,*,,,+.......
,,,,......#####***...#####.....#*
,,,,..........###***#..........#,
,,,,..^.........,* ***#.......#,
,,,,...........#########.#.....##
,,,,.......§.§§#.........###.....
,,,,.......§§§D1@........#*###J..
,,,,.......§§zD#§........#,**##..
**,,,**###..§..###########,,,*###
******,,,+............,,,,,,,,***
******,,,#............,,,,,,,,,,*
,,,,,****###.....z....,,,,,,,,,,*
,8,8,,,,,**###.......1,,,,,,,,,,*
,,,,,,,,,,,**#####....,,,,,,,,,,*
,,,,,,,,,,,,,**,,+....****,,,,,,*


You could see a Hell Sentinel, 2 iron dragons and an ancient champion (fast).

Vanquished Creatures
  2 dread liches
  3 ancient liches
  Mara (Vaults:3)
  3 orbs of fire (Zot:5)
  35 royal mummies
  Sojobo (Depths:2)
  11 Killer Klowns
  4 curse toes
  Margery (Depths:4)
  12 caustic shrikes
  Geryon (Hell)
  9 golden dragons
  Hellbinder (WizLab)
  4 bone dragons
  3 iron giants
  A shard shrike zombie (Tomb:3)
  Zenata (Elf:2)
  7 Hell Sentinels
  3 electric golems
  6 liches
  24 tentacled monstrosities
  Mlioglotl (Snake:4)
  Jorgrun (D:14)
  25 Orb Guardians (Zot:5)
  4 deep elf master archers
  Rupert (D:12)
  5 deep elf blademasters
  A walking frostbound tome (Depths:3)
  15 titans
  8 quicksilver dragons
  Frances (D:14)
  5 death cobs
  20 ancient champions
  6 tentacled starspawn
  The ghost of Naariw the Thaumaturge, an adept MeEE of Kikubaaqudgha (Snake:2)
  The ghost of Asharuyla the Shatterer, an adept MiBe of Trog (Snake:2)
  11 storm dragons
  Donald (Swamp:2)
  3 thorn hunters
  13 sphinxes
  7 tengu reavers
  10 shadow dragons
  4 nagarajas
  4 draconian monks
  5 revenants
  A fenstrider witch (Swamp:3)
  13 fire giants
  14 frost giants
  4 draconian knights
  9 deep elf sorcerers
  Aizul (Depths:2)
  4 draconian scorchers
  4 quicksilver elementals
  5 balrugs
  3 ghost moths
  3 iron dragons
  4 draconian stormcallers
  A juggernaut zombie (Hell)
  3 draconian shifters
  17 ironbound preservers
  15 vault wardens
  2 curse skulls
  3 reapers
  6 draconian annihilators
  6 ghouls
  5 orc warlords
  16 very ugly things
  19 war gargoyles
  9 ironbound thunderhulks
  4 spriggan defenders (Depths:3)
  3 deep elf elementalists (Elf:3)
  18 stone giants
  9 black draconians
  11 deep elf demonologists
  8 eleionomae
  10 vampire knights
  A lorocyproca (WizLab)
  14 red draconians
  Nessos (D:13)
  A demonspawn black sun (WizLab)
  9 yellow draconians
  The ghost of Jackthecabe the Warrior, a journeyman VSIE of Wu Jian (Lair:5)
  7 dire elephants
  2 bunyips (Swamp:2)
  10 green draconians
  14 bennus
  10 purple draconians
  15 white draconians
  A bunyip (shapeshifter) (Depths:4)
  Snorg (D:12)
  5 minotaurs
  13 iron golems
  8 deep elf annihilators
  4 eidola
  2 green deaths
  10 ettins
  A crystal guardian (Vaults:4)
  4 blizzard demons
  5 merfolk impalers
  8 fire dragons
  10 deep elf death magi
  A quicksilver dragon zombie (Hell)
  11 jiangshi
  5 deep elf high priests
  26 mummy priests
  3 merfolk javelineers
  18 yaktaur captains
  2 entropy weavers
  8 rakshasas
  34 vault guards
  10 ice dragons
  8 spriggan air magi
  3 spriggan zombies
  5 hell beasts
  2 ogre magi
  A salamander tyrant (Snake:4)
  3 peacekeepers
  3 shambling mangroves
  Harold (Lair:1)
  A spriggan skeleton (Tomb:1)
  2 caustic shrike simulacra
  10 hydras
  10 ghost crabs
  12 ironbound frosthearts
  A fenstrider witch skeleton (Crypt:2)
  4 boulder beetles
  A satyr (Abyss:5)
  A catoblepas (D:14)
  8 centaur warriors
  14 naga warriors
  A death knight (Crypt:2)
  13 dancing weapons
  75 death scarabs
  7 alligators
  3 anacondas
  A hell hog (Abyss:4)
  4 tengu warriors (Depths:3)
  13 two-headed ogres
  5 death yaks
  5 deep troll shamans
  7 vampire magi
  A bennu skeleton (Crypt:1)
  6 deep troll earth magi
  8 orc high priests
  21 thrashing horrors
  19 hell knights
  3 spriggan berserkers
  15 naga sharpshooters
  Sonja (Lair:1)
  6 shock serpents
  3 crystal echidnas
  9 soul eaters
  19 deep elf knights
  A storm dragon zombie (Hell)
  The ghost of cforsyth the Fighter, a novice FoFi (D:4)
  A titan skeleton (Crypt:2)
  13 wretched stars
  12 sun demons
  Amaemon (Lair:3)
  3 shadow wraiths
  3 spatial maelstroms
  3 sixfirhies (WizLab)
  A death drake (shapeshifter) (D:15)
  2 skysharks
  42 deep trolls
  35 skeletal warriors
  A fire crab (shapeshifter) (D:15)
  11 iron trolls
  3 salamander mystics
  A quicksilver dragon simulacrum (Depths:3)
  A spark wasp zombie (Hell)
  A bunyip zombie (Tomb:2)
  7 sea snakes (Snake:3)
  4 goliath frogs
  4 naga ritualists
  7 spriggan druids
  2 death drakes
  A glowing orange brain (D:15)
  6 bog bodies
  10 lindwurms
  2 flayed ghosts (Crypt:2)
  18 large abominations
  3 swamp dragons
  A tengu zombie (Crypt:2)
  15 deep elf archers
  11 phantasmal warriors
  An obsidian statue (Vaults:1)
  12 orc knights
  3 spectral hydras (Swamp:4)
  11 necromancers
  14 ironbound convokers
  A goliath frog zombie (Crypt:2)
  Pikel (D:8)
  30 deep elf zephyrmancers
  2 harpies (Vaults:2)
  An iron dragon zombie (Crypt:2)
  A shadow dragon zombie (Crypt:1)
  14 wizards
  A shadow dragon skeleton (Crypt:3)
  57 ugly things
  8 mana vipers
  2 stone giant zombies
  A wolf spider (shapeshifter) (Vaults:5)
  2 fire giant zombies (Hell)
  12 salamanders
  8 orc sorcerers
  4 manticores
  42 deep elf pyromancers
  4 will-o-the-wisps
  4 cyclopes
  26 moths of wrath
  4 worldbinders (Abyss:5)
  A cyclops (shapeshifter) (Vaults:4)
  A frost giant zombie (Hell)
  11 elephants
  6 molten gargoyles
  2 centaur zombies
  4 apocalypse crabs (Swamp:3)
  16 vault sentinels
  9 orange demons
  10 naga magi
  16 smoke demons
  2 water nymphs (Abyss:5)
  26 black mambas
  3 gargoyles
  3 spectral iron trolls (Crypt:3)
  7 guardian serpents
  9 rust devils
  8 hellions
  9 cane toads
  3 demonic crawlers
  A torpor snail (Lair:1)
  3 dire elephant skeletons
  A pale draconian zombie (Crypt:3)
  7 rime drakes
  4 freezing wraiths
  An efreet (Volcano)
  8 swamp worm zombies
  6 tormentors
  36 yaktaurs
  2 spectral deep trolls (Crypt:3)
  8 ice devils
  17 komodo dragons
  An unseen horror (D:11)
  3 hydra zombies
  3 harpy zombies
  2 kobold demonologists
  21 merfolk
  A minotaur skeleton (Crypt:1)
  43 guardian mummies
  3 red devils
  4 ancient zymes
  An unseen horror skeleton (Crypt:3)
  A purple draconian skeleton (Crypt:1)
  13 polar bears
  18 hornets
  7 tyrant leeches
  4 hellwings
  2 alligator zombies (Swamp:4)
  9 trolls
  3 spectral swamp dragons (Swamp:4)
  A death drake skeleton (Crypt:3)
  9 raiju
  2 hydra skeletons
  6 dream sheep
  6 blink frogs
  A tarantella zombie (Crypt:2)
  4 ettin zombies
  An ice dragon skeleton (Crypt:1)
  A culicivora (shapeshifter) (Elf:1)
  38 flying skulls
  13 slime creatures
  14 spriggans
  6 air elementals
  7 water elementals
  3 vampires
  6 ynoxinuls
  6 wyverns
  A naga simulacrum (Tomb:3)
  50 yaks
  2 shadows
  7 wraiths
  13 vampire mosquitoes
  7 ushabtiu
  27 starcursed masses
  6 chaos spawn
  17 humans
  6 basilisks
  6 fire elementals
  A redback (Vaults:1)
  2 steam dragons
  A spatial vortex (Abyss:4)
  5 neqoxecs
  46 nagas
  16 swamp worms
  12 wargs
  A glowing shapeshifter zombie (Hell)
  2 harpy simulacra (Crypt:2)
  16 hell hounds
  3 acid dragons
  14 water moccasins
  3 naga skeletons (Tomb:1)
  An elephant zombie (Crypt:2)
  45 orc warriors
  5 swamp dragon zombies (Swamp:4)
  An ettin simulacrum (Crypt:3)
  3 sky beasts
  5 swamp drakes
  7 ice beasts (D:9)
  13 ogres
  14 black bears
  7 centaurs
  2 boggarts (Elf:1)
  A hog zombie (Crypt:2)
  43 wolves
  A swamp dragon skeleton (Crypt:2)
  A dream sheep skeleton (Crypt:3)
  3 phantoms (Swamp:4)
  A fire crab zombie (Crypt:3)
  5 kobold brigands
  13 bullfrogs
  5 necrophages
  A gnoll sergeant (D:11)
  6 earth elementals
  A water moccasin zombie (Crypt:1)
  6 scorpions
  3 wights
  5 killer bees (D:9)
  A polar bear zombie (Crypt:3)
  5 small abominations
  5 electric eels
  A howler monkey (D:4)
  A crimson imp (Abyss:4)
  5 quasits
  2 human zombies
  A gnoll bouda (D:4)
  4 hounds
  Crazy Yiuf (D:5)
  20 jellies
  28 orc priests
  5 iguanas
  A sleepcap (D:4)
  18 orc wizards
  4 hell rats (Depths:1)
  2 spectral swamp drakes (Swamp:4)
  42 mummies
  13 gnolls
  10 adders
  2 shadow imps
  A white imp (D:6)
  An ufetubus (D:4)
  A lava snake zombie (Crypt:2)
  A worm (D:2)
  5 dart slugs
  115 orcs
  7 ball pythons
  A bat skeleton (Crypt:1)
  11 endoplasms
  A giant cockroach (D:1)
  8 goblins
  12 hobgoblins
  6 jackals
  29 kobolds
  5 quokkas
  4 bats
  6 frilled lizards
  A frilled lizard skeleton (Crypt:2)
  A kobold skeleton (Crypt:1)
  An orc zombie (Crypt:2)
  A quokka skeleton (Crypt:3)
  3 rats
  A briar patch (Abyss:5)
  A lurking horror (Abyss:5)
  2 plants (Snake:3)
  A starspawn tentacle (Abyss:5)
2981 creatures vanquished.

Vanquished Creatures (collateral kills)
  A Hell Sentinel (Dis:7)
  3 war gargoyles
  A stone giant (Depths:2)
  A fire dragon (Depths:2)
  An iron golem (Dis:7)
7 creatures vanquished.

Vanquished Creatures (others)
  A Killer Klown (Zot:5)
  An acid blob (Abyss:5)
  2 sphinxes (Tomb:1)
  A draconian knight (Zot:1)
  An ironbound preserver (Vaults:4)
  An ironbound thunderhulk (Vaults:1)
  A white draconian (Zot:1)
  5 great orbs of eyes
  A yaktaur captain (Vaults:2)
  An ironbound frostheart (Vaults:1)
  An ogre mage (Vaults:5)
  2 thrashing horrors (Abyss:5)
  A death scarab (Tomb:2)
  2 deep elf knights
  A skyshark (shapeshifter) (Abyss:5)
  A deep troll (Depths:3)
  A glowing orange brain (Abyss:4)
  2 harpies (Vaults:2)
  3 ironbound convokers
  5 deep elf zephyrmancers
  A wizard (Vaults:2)
  A shining eye (Abyss:4)
  2 shining eyes (shapeshifter) (Vaults:5)
  4 deep elf pyromancers
  2 vault sentinels (Vaults:2)
  A smoke demon (Hell)
  A molten gargoyle (Hell)
  An unseen horror (D:12)
  5 yaktaurs (Vaults:1)
  8 bloated husks
  A queen bee (shapeshifter) (Vaults:3)
  A blink frog (shapeshifter) (Vaults:5)
  A spriggan (shapeshifter) (Vaults:5)
  21 slime creatures
  A culicivora (shapeshifter) (Depths:3)
  A water elemental (Elf:3)
  10 golden eyes
  A chaos spawn (Abyss:5)
  A naga (Snake:2)
  A swamp worm (Swamp:2)
  A hell hound (Depths:1)
  A floating eye (shapeshifter) (Elf:3)
  4 boggarts (Vaults:2)
  A boggart (shapeshifter) (Vaults:5)
  4 phantoms (Swamp:4)
  318 jellies
  An orc priest (Elf:1)
  4 orcs
  A kobold (D:7)
  A briar patch (Abyss:5)
  7 demonic plants (D:10)
  18 foxfires
  11 fungi
  A lurking horror (Abyss:4)
  101 plants
  14 starspawn tentacles
  6 withered plants (Snake:2)
593 creatures vanquished.

Grand Total: 3581 creatures vanquished

Notes
Turn   | Place    | Note
-------+----------+-------------------------------------------
     0 | D:1      | jasper the Gargoyle Hunter began the quest for the Orb.
     0 | D:1      | Reached XP level 1. HP: 12/12 MP: 1/1
    68 | D:1      | Reached XP level 2. HP: 18/18 MP: 2/2
   182 | D:1      | Reached XP level 3. HP: 20/22 MP: 3/3
   338 | D:1      | Reached skill level 3 in Fighting
   852 | D:2      | Identified the +2 cloak of Hadjma {*Corrode Will+ Str+5
                  | Int+3}
   876 | D:2      | Reached XP level 4. HP: 28/28 MP: 4/4
  1190 | D:3      | Reached skill level 5 in Ranged Weapons
  1856 | D:3      | Identified the +9 short sword "Wyigeasi" {heavy, Drain
                  | +Blink Dex+3}
  2104 | D:3      | Found a faded altar of an unknown god.
  2371 | D:3      | Identified a scroll of acquirement
  2371 | D:3      | Acquired 699 gold pieces
  2426 | D:4      | Noticed a scorpion
  2438 | D:3      | Killed a scorpion
  2439 | D:3      | Reached skill level 4 in Fighting
  2439 | D:3      | Reached XP level 5. HP: 21/33 MP: 5/5
  2867 | D:4      | Reached XP level 6. HP: 32/40 MP: 6/6
  2981 | D:4      | Noticed cforsyth's ghost (novice FoFi)
  2982 | D:4      | Found a runed translucent gate.
  2983 | D:4      | Found a runed translucent gate.
  2984 | D:4      | Found a runed translucent gate.
  3071 | D:4      | Reached skill level 5 in Fighting
  3268 | D:4      | Found a staircase to the Ecumenical Temple.
  3277 | Temple   | Entered the Ecumenical Temple
  3306 | Temple   | Became a worshipper of Warmaster Okawaru
  3520 | D:4      | Noticed a sky beast
  3692 | D:4      | Killed a sky beast
  3692 | D:4      | Reached * piety under Okawaru
  3693 | D:4      | Reached skill level 6 in Fighting
  3693 | D:4      | Reached XP level 7. HP: 46/46 MP: 7/7
  3829 | D:5      | Entered Level 5 of the Dungeon
  3861 | D:5      | Found the +8 lance "Wyrmbane" {slay drac, rPois rF+ rC+
                  | AC+3}
  3877 | D:4      | Reached skill level 1 in Invocations
  4382 | D:5      | Reached skill level 1 in Polearms
  4665 | D:5      | Found a runed translucent door.
  4666 | D:5      | Noticed Crazy Yiuf
  5023 | D:6      | Found a white marble altar of Elyvilon.
  5133 | D:6      | Reached XP level 8. HP: 44/51 MP: 10/10
  5325 | D:6      | Reached ** piety under Okawaru
  5548 | D:6      | Reached skill level 5 in Polearms
  6290 | D:7      | Noticed a kobold demonologist
  6297 | D:7      | Noticed a sixfirhy
  6301 | D:7      | Found a snail-covered altar of Cheibriados.
  6524 | D:7      | Noticed a hornet
  6527 | D:7      | Killed a hornet
  6528 | D:7      | Reached XP level 9. HP: 55/55 MP: 11/11
  6640 | D:7      | Found a hazy altar of Hepliaklqana.
  6693 | D:8      | Noticed Pikel
  6702 | D:8      | Killed Pikel
  6702 | D:8      | Reached *** piety under Okawaru
  6851 | D:8      | Found a blossoming altar of Fedhas.
  6863 | D:8      | Found a shimmering altar of Xom.
  7326 | D:8      | Reached **** piety under Okawaru
  7327 | D:8      | Reached skill level 10 in Polearms
  7423 | D:8      | Reached XP level 10. HP: 22/60 MP: 12/12
  7515 | D:8      | Found a sparkling altar of Nemelex Xobeh.
  8051 | D:9      | Found a shadowy altar of Dithmenos.
  8183 | D:9      | Reached ***** piety under Okawaru
  8222 | D:9      | Found a staircase to the Lair.
  8224 | D:9      | Noticed a two-headed ogre
  8236 | D:9      | Killed a two-headed ogre
  8236 | D:9      | Received a gift from Okawaru
  8237 | D:9      | Reached skill level 1 in Throwing
  8237 | D:9      | Reached skill level 1 in Shields
  8494 | D:9      | Acquired the ring of the Real Monster {rN+ rCorr Str+6
                  | Dex-3 Slay+3}
  8786 | D:10     | Entered Level 10 of the Dungeon
  8880 | D:10     | Reached XP level 11. HP: 66/66 MP: 13/13
  8921 | D:10     | Reached skill level 7 in Fighting
  9368 | D:10     | Reached skill level 8 in Fighting
  9401 | D:10     | Identified the +8 broad axe of Magnificence {flame, rCorr}
  9423 | D:10     | Identified the +0 helmet of the Ladybird {rElec rC+ Will-
                  | Int+3} (Okawaru gifted it to you on level 10 of the
                  | Dungeon)
  9423 | D:10     | Received a gift from Okawaru
  9542 | D:10     | Reached skill level 1 in Armour
 10076 | D:11     | Reached skill level 9 in Fighting
 10093 | D:11     | Noticed a two-headed ogre
 10102 | D:11     | Killed a two-headed ogre
 10734 | D:11     | Noticed an orc knight
 10758 | D:11     | Killed an orc knight
 10759 | D:11     | Reached XP level 12. HP: 55/77 MP: 11/14
 10813 | D:11     | Reached skill level 5 in Armour
 10838 | D:11     | Reached skill level 10 in Fighting
 10839 | D:11     | Found a staircase to the Orcish Mines.
 11306 | Lair:1   | Entered Level 1 of the Lair of Beasts
 11345 | Lair:1   | Reached ****** piety under Okawaru
 11397 | Lair:1   | You fall into a shaft and drop 1 floor!
 11518 | Lair:2   | Identified the +3 pair of boots "Amyon" {rF++} (Okawaru
                  | gifted it to you on level 2 of the Lair of Beasts)
 11518 | Lair:2   | Received a gift from Okawaru
 11689 | Lair:2   | Reached skill level 11 in Fighting
 11924 | Lair:1   | Noticed Sonja
 11933 | Lair:1   | Killed Sonja
 11973 | Lair:1   | Reached skill level 12 in Fighting
 12019 | Lair:1   | Noticed Harold
 12047 | Lair:1   | Killed Harold
 12280 | Lair:1   | Reached XP level 13. HP: 80/87 MP: 13/15
 12811 | Lair:2   | Reached skill level 10 in Armour
 12815 | Lair:2   | Identified the +5 longbow of Chaos {flame, *Corrode rElec
                  | Str+3} (Okawaru gifted it to you on level 2 of the Lair of
                  | Beasts)
 12815 | Lair:2   | Received a gift from Okawaru
 12823 | Lair:2   | Reached skill level 13 in Fighting
 13181 | Lair:2   | Found a staircase to the Snake Pit.
 13596 | Snake:1  | Entered Level 1 of the Snake Pit
 13689 | Lair:3   | Found a staircase to the Swamp.
 13875 | Lair:3   | Learned a level 2 spell: Blink
 13991 | Lair:3   | Noticed Amaemon
 14007 | Lair:3   | Killed Amaemon
 14353 | Lair:3   | Identified the +7 trident of Checks and Balances {heavy,
                  | rElec rC+ Stlth-} (Okawaru gifted it to you on level 3 of
                  | the Lair of Beasts)
 14353 | Lair:3   | Received a gift from Okawaru
 14397 | Lair:3   | Found a runed translucent door.
 14415 | Lair:3   | Identified the +10 trident "Hamuno" {antimagic, rF- Str+2
                  | Int+3 Dex+4}
 14416 | Lair:3   | Noticed Gamaf's ghost (journeyman MiFi)
 14474 | Lair:3   | Reached skill level 14 in Fighting
 14523 | Lair:3   | Found a runed translucent door.
 14523 | Lair:3   | Noticed a tentacled starspawn
 14560 | Lair:3   | Killed a tentacled starspawn
 15453 | Lair:4   | Gained mutation: Your large and strong wings let you fly.
                  | [Gargoyle growth]
 15453 | Lair:4   | Reached XP level 14. HP: 93/96 MP: 16/16
 15623 | Lair:5   | Entered Level 5 of the Lair of Beasts
 15690 | Lair:5   | Reached skill level 15 in Fighting
 15753 | Lair:5   | Received a gift from Okawaru
 15860 | Lair:5   | Identified the +0 buckler of Jigsaw {Rampage *Slow rN+++
                  | Dex-5} (Okawaru gifted it to you on level 5 of the Lair of
                  | Beasts)
 15860 | Lair:5   | Received a gift from Okawaru
 15883 | Lair:5   | Found a dark tunnel.
 15892 | Volcano  | Entered a volcano
 15965 | Volcano  | Found a radiant altar of Vehumet.
 16058 | Volcano  | Noticed a stone giant
 16069 | Volcano  | Killed a stone giant
 16165 | Lair:5   | Identified the +4 ring mail of Exclusion {Dex+4}
 16294 | Lair:5   | Found a staircase to the Slime Pits.
 16294 | Lair:5   | Found a viscous altar of Jiyva.
 16358 | Lair:5   | Reached skill level 16 in Fighting
 16667 | Lair:5   | Acquired the scarf "Efastreg" {rC+ rF+, rElec Regen+ Int+4
                  | Dex+5}
 16700 | Lair:5   | Found a runed translucent door.
 16703 | Lair:5   | Noticed Jackthecabe's ghost (journeyman VSIE)
 17187 | Lair:5   | Reached XP level 15. HP: 106/106 MP: 17/17
 17378 | Lair:5   | Killed Jackthecabe's ghost
 17392 | Lair:5   | Found the +4 consecrated labrys {holy, Valiant Fragile Fly
                  | SInv}
 17407 | Lair:5   | Reached skill level 17 in Fighting
 17407 | Lair:5   | Reached skill level 15 in Armour
 17618 | Orc:1    | Entered Level 1 of the Orcish Mines
 17634 | Orc:1    | Noticed an orc warlord
 17677 | Orc:1    | Killed an orc warlord
 17680 | Orc:1    | Identified the +4 lajatang "Vamadurch" {heavy, rElec Int+3
                  | Dex+4} (Okawaru gifted it to you on level 1 of the Orcish
                  | Mines)
 17680 | Orc:1    | Received a gift from Okawaru
 17995 | Orc:1    | Found Miolummu's Weapon Shoppe.
 18214 | Orc:2    | Entered Level 2 of the Orcish Mines
 18227 | Orc:2    | Found Eduaplau's Armour Emporium.
 18232 | Orc:2    | Found a staircase to the Elven Halls.
 18317 | Orc:2    | Found Pakool's Antique Weapon Boutique.
 18318 | Orc:2    | Found Geugu's Distillery.
 18325 | Orc:2    | Paralysed by an orc sorcerer for 4 turns
 18367 | Orc:2    | Found Vaaff's Jewellery Emporium.
 18376 | Orc:2    | Found Guredyot's Antique Armour Boutique.
 18402 | Orc:2    | Bought a potion of lignification for 42 gold pieces
 18402 | Orc:2    | Bought a potion of curing for 42 gold pieces
 18402 | Orc:2    | Bought a potion of heal wounds for 70 gold pieces
 18420 | Orc:2    | Found Boap's Antique Armour Shoppe.
 18439 | Orc:2    | Found Qucu Regg's Magic Scroll Boutique.
 18448 | Orc:2    | Bought a scroll of enchant armour for 120 gold pieces
 18448 | Orc:2    | Bought a scroll of teleportation for 48 gold pieces
 18448 | Orc:2    | Bought a scroll of enchant armour for 120 gold pieces
 18448 | Orc:2    | Bought a scroll of fear for 64 gold pieces
 18448 | Orc:2    | Bought a scroll of fog for 64 gold pieces
 18520 | Orc:2    | Received a gift from Okawaru
 18587 | Orc:2    | Found Munwoug's Book Shoppe.
 18683 | Orc:2    | Noticed an orc warlord
 18687 | Orc:2    | Paralysed by an orc sorcerer for 5 turns
 18786 | Orc:1    | Killed an orc warlord
 18786 | Orc:1    | Identified the +2 cloak of the Arcane {Str+4 Stlth+}
                  | (Okawaru gifted it to you on level 1 of the Orcish Mines)
 18786 | Orc:1    | Received a gift from Okawaru
 18874 | Orc:2    | Found Yfesal's Jewellery Boutique.
 19480 | Orc:2    | Reached skill level 18 in Fighting
 19619 | D:12     | Noticed Rupert
 19619 | D:12     | Found Eskoq's Weapon Shoppe.
 19621 | D:12     | Paralysed by Rupert for 4 turns
 19984 | D:12     | Noticed Snorg
 20051 | D:12     | Killed Snorg
 20079 | D:12     | Killed Rupert
 20208 | D:12     | Identified the +5 scale mail of Hangman {rElec Regen+}
 20372 | D:13     | Noticed Nessos
 20372 | D:13     | Found a gate to the Vaults.
 20383 | D:13     | Killed Nessos
 20949 | D:13     | Reached XP level 16. HP: 99/116 MP: 18/18
 21211 | D:14     | Received a gift from Okawaru
 21402 | D:14     | Identified the +5 scale mail "Oprazoc" {Str-4 Dex+4 Stlth+}
                  | (Okawaru gifted it to you on level 14 of the Dungeon)
 21402 | D:14     | Received a gift from Okawaru
 21425 | D:14     | Reached skill level 19 in Fighting
 21512 | D:14     | Got Sif Muna's Volume of Combed Thunderclap
 21519 | D:14     | Got the Omnibus of Plaster Cramp
 21598 | D:14     | Got the Encyclopedia of Axaxaxas mlö
 21805 | D:14     | Noticed Jorgrun
 21822 | D:14     | Killed Jorgrun
 22004 | D:14     | Noticed Frances
 22021 | D:14     | Killed Frances
 22241 | D:15     | Entered Level 15 of the Dungeon
 22354 | D:15     | Found a portal to a secret trove of treasure.
 22622 | D:15     | Found a staircase to the Depths.
 23449 | Swamp:1  | Entered Level 1 of the Swamp
 23539 | Swamp:1  | Reached skill level 20 in Fighting
 23644 | Swamp:1  | Noticed a thorn hunter
 23669 | Swamp:1  | Killed a thorn hunter
 23777 | Swamp:1  | Identified the +11 crystal plate armour of the Moon {Harm
                  | rElec rC- Int+2} (Okawaru gifted it to you on level 1 of
                  | the Swamp)
 23777 | Swamp:1  | Received a gift from Okawaru
 24366 | Swamp:2  | Reached XP level 17. HP: 124/124 MP: 19/19
 24541 | Swamp:2  | Noticed Donald
 24573 | Swamp:2  | Killed Donald
 24806 | Swamp:3  | Noticed a tentacled monstrosity
 24899 | Swamp:3  | Killed a tentacled monstrosity
 24909 | Swamp:2  | Reached skill level 5 in Shields
 24925 | Swamp:3  | Paralysed by a fenstrider witch for 5 turns
 24983 | Swamp:3  | Identified the +2 robe of Amamuergh {rF+}
 25030 | Swamp:3  | Found a runed translucent door.
 25601 | Swamp:3  | Received a gift from Okawaru
 25864 | Swamp:4  | Entered Level 4 of the Swamp
 26241 | Swamp:4  | Identified the +2 cloak of Baldness {Will+} (Okawaru gifted
                  | it to you on level 4 of the Swamp)
 26241 | Swamp:4  | Received a gift from Okawaru
 26501 | Swamp:4  | Reached skill level 10 in Shields
 26578 | Swamp:4  | Noticed a bone dragon
 26608 | Swamp:4  | Killed a bone dragon
 26615 | Swamp:4  | Got a decaying rune of Zot
 26706 | Swamp:4  | Identified the +8 flail "Dyoz" {holy, *Noise rF++ rN++}
 27769 | Lair:5   | Fell from the grace of Okawaru
 27769 | Lair:5   | Became a worshipper of Jiyva Juade the Shapeless
 27772 | Slime:1  | Entered Level 1 of the Pits of Slime
 28158 | Slime:2  | Noticed an acid blob
 28282 | Slime:3  | Noticed an acid blob
 28631 | Slime:4  | Noticed an acid blob
 28659 | Slime:4  | Noticed an acid blob
 28682 | Slime:4  | Noticed an acid blob
 28690 | Slime:4  | Noticed an acid blob
 28761 | Slime:4  | Noticed an acid blob
 28904 | Slime:5  | Entered Level 5 of the Pits of Slime
 28929 | Slime:5  | Noticed an acid blob
 28954 | Slime:5  | Noticed an acid blob
 29009 | Slime:5  | Noticed an acid blob
 29060 | Slime:5  | Noticed an acid blob
 29078 | Slime:5  | Noticed an acid blob
 29093 | Slime:5  | Found a viscous altar of Jiyva.
 29155 | Slime:5  | Noticed an acid blob
 29172 | Slime:5  | Found the +3 Mad Mage's Maulers {Infuse+∞ VampMP -Cast}
 29183 | Slime:5  | Noticed the Royal Jelly
 29190 | Slime:5  | Noticed an acid blob
 29493 | Elf:1    | Entered Level 1 of the Elven Halls
 29530 | Elf:1    | Reached XP level 18. HP: 108/129 MP: 20/20
 29764 | Elf:1    | Paralysed by an air elemental for 1 turns
 29770 | Elf:1    | Paralysed by an air elemental for 1 turns
 29805 | Elf:1    | Reached * piety under Jiyva
 30322 | Elf:1    | Noticed a deep elf master archer
 30336 | Elf:1    | Paralysed by an air elemental for 1 turns
 30344 | Elf:1    | Paralysed by an air elemental for 1 turns
 30466 | Elf:2    | Found Hegeruat's Assorted Antiques.
 30469 | Elf:2    | Paralysed by an air elemental for 1 turns
 30510 | Elf:2    | Bought a potion of might for 128 gold pieces
 30510 | Elf:2    | Bought a potion of invisibility for 256 gold pieces
 30510 | Elf:2    | Bought a potion of invisibility for 256 gold pieces
 30538 | Elf:2    | Paralysed by an air elemental for 1 turns
 30544 | Elf:2    | Paralysed by an air elemental for 1 turns
 30972 | Elf:2    | Reached skill level 15 in Shields
 31108 | Elf:2    | Noticed Zenata
 31127 | Elf:2    | Killed Zenata
 31262 | Elf:2    | Found a huge runed translucent gate.
 31262 | Elf:2    | Found a huge runed translucent gate.
 31267 | Elf:2    | Found a huge runed translucent gate.
 31268 | Elf:2    | Found a huge runed translucent gate.
 31268 | Elf:2    | Reached ** piety under Jiyva
 31280 | Elf:2    | Found a huge runed translucent gate.
 31321 | Elf:3    | Entered Level 3 of the Elven Halls
 31507 | Elf:3    | Noticed an Ice Fiend
 31511 | Abyss:3  | Cast into level 3 of the Abyss (a deep elf demonologist)
 31529 | Abyss:3  | Found a corrupted altar of Lugonu.
 31638 | Abyss:3  | Found a corrupted altar of Lugonu.
 31662 | Abyss:3  | Found a corrupted altar of Lugonu.
 31667 | Abyss:3  | Noticed a tentacled monstrosity
 31683 | Abyss:3  | Killed a tentacled monstrosity
 31715 | Abyss:3  | Noticed a lich
 31730 | Abyss:3  | Killed a lich
 31769 | Elf:3    | Escaped the Abyss
 31777 | Elf:3    | Noticed a Tzitzimitl
 31782 | Elf:3    | Found a flickering gateway to a bazaar.
 31783 | Elf:3    | Reached *** piety under Jiyva
 31803 | Bazaar   | Entered a bazaar
 31803 | Bazaar   | Found Ezoyhaes's Magic Scroll Shoppe.
 31803 | Bazaar   | Found Muyrchasu's General Store.
 31803 | Bazaar   | Found Batsoa's Magic Scroll Emporium.
 31803 | Bazaar   | Found Neter's Magic Scroll Shoppe.
 31811 | Bazaar   | Bought a scroll of teleportation for 39 gold pieces
 31811 | Bazaar   | Bought a scroll of immolation for 52 gold pieces
 31815 | Bazaar   | Bought a scroll of teleportation for 24 gold pieces
 31815 | Bazaar   | Bought a scroll of fog for 32 gold pieces
 31815 | Bazaar   | Bought a scroll of magic mapping for 60 gold pieces
 31815 | Bazaar   | Bought a scroll of teleportation for 24 gold pieces
 31815 | Bazaar   | Bought a scroll of magic mapping for 60 gold pieces
 31817 | Bazaar   | Bought a scroll of torment for 104 gold pieces
 31817 | Bazaar   | Bought a scroll of fog for 44 gold pieces
 31817 | Bazaar   | Bought a scroll of fear for 44 gold pieces
 31817 | Bazaar   | Bought a scroll of vulnerability for 44 gold pieces
 31819 | Bazaar   | Bought a scroll of teleportation for 30 gold pieces
 31819 | Bazaar   | Bought a scroll of enchant armour for 75 gold pieces
 31819 | Bazaar   | Bought a scroll of fog for 40 gold pieces
 31819 | Bazaar   | Bought a scroll of enchant armour for 75 gold pieces
 31892 | Elf:3    | Reached XP level 19. HP: 130/135 MP: 21/21
 31943 | Elf:3    | Paralysed by an air elemental for 1 turns
 31971 | Elf:3    | Got the Verses on Minerals
 31982 | Elf:3    | Got the Spellbook of Immolation
 32043 | Elf:3    | Identified the +8 sling "Beastbane" {antimagic, rCorr Str+3
                  | Dex+5}
 32078 | Elf:3    | Gained mutation: Your translucent skin slightly reduces
                  | your foes' accuracy. (Stealth+) [Jiyva's grace]
 32078 | Elf:3    | Gained mutation: Your translucent skin reduces your foes'
                  | accuracy. (Stealth+) [Jiyva's grace]
 32078 | Elf:3    | Gained mutation: Your transparent skin significantly
                  | reduces your foes' accuracy. (Stealth+) [Jiyva's grace]
 32078 | Elf:3    | Gained mutation: You have sharp toenails. [Jiyva's grace]
 32232 | Elf:3    | Noticed a Tzitzimitl
 32255 | Elf:3    | Noticed a Tzitzimitl
 32334 | Abyss:3  | Cast into level 3 of the Abyss (a deep elf sorcerer)
 32349 | Abyss:3  | Noticed a bone dragon
 32365 | Abyss:3  | Killed a bone dragon
 32576 | Abyss:4  | Paralysed by you for 5 turns
 32649 | Abyss:4  | Reached **** piety under Jiyva
 32675 | Abyss:4  | Found a corrupted altar of Lugonu.
 32689 | Abyss:4  | Found a corrupted altar of Lugonu.
 32989 | Elf:3    | Escaped the Abyss
 32991 | Elf:3    | Noticed a Tzitzimitl
 33007 | Elf:3    | Noticed a Brimstone Fiend
 33059 | Elf:3    | Identified the +7 hand axe of Ubeplis {speed, rC+ Int+2}
 33065 | Elf:3    | Gained mutation: Your spells are easier to cast, but less
                  | powerful. [a neqoxec]
 33075 | Elf:3    | Gained mutation: You occasionally lose the ability to drink
                  | potions when taking damage. [a cacodemon]
 33076 | Elf:3    | Noticed a Hell Sentinel
 33077 | Abyss:4  | Cast into level 4 of the Abyss (a deep elf demonologist)
 33082 | Abyss:4  | Noticed a bone dragon
 33105 | Abyss:4  | Killed a bone dragon
 33133 | Abyss:5  | Found a corrupted altar of Lugonu.
 33219 | Abyss:5  | Paralysed by accursed screaming for 1 turns
 33223 | Abyss:5  | Paralysed by accursed screaming for 1 turns
 33266 | Abyss:5  | Paralysed by accursed screaming for 1 turns
 33386 | Elf:3    | Escaped the Abyss
 33475 | Elf:3    | Identified the ring of the Original Sin {Drain rF+ rN+
                  | Str+8 Int+2}
 33476 | Elf:3    | Identified the +1 hand axe "Haups" {distort, Int+3}
 33609 | Elf:3    | Identified the ring "Iczesut" {+Blink Str+2 Int+6 Dex+3
                  | Stlth+}
 33635 | Elf:3    | Identified the +7 chain mail "Zetilof" {Contam rCorr Dex+3
                  | SInv}
 33666 | Elf:3    | Identified the +0 chain mail "Baggoh" {rN+ Str+2 Int+2
                  | Stlth-}
 33671 | Elf:3    | Got the Information on Captivating Forms
 34481 | Snake:2  | Reached XP level 20. HP: 112/140 MP: 22/22
 34608 | Snake:2  | Identified the +2 rapier of the Ship {freeze, rPois Str+3
                  | Stlth-}
 34648 | Snake:2  | Found a runed translucent gate.
 34648 | Snake:2  | Found a runed translucent gate.
 34648 | Snake:2  | Found a runed translucent gate.
 34649 | Snake:2  | Noticed Naariw's ghost (adept MeEE)
 34649 | Snake:2  | Noticed Asharuyla's ghost (adept MiBe)
 34650 | Snake:2  | Found the +2 shield of Resistance {rF++ rC++ Will++}
 34749 | Snake:2  | Killed Asharuyla's ghost
 34771 | Snake:2  | Killed Naariw's ghost
 34906 | Snake:2  | Reached skill level 1 in Evocations
 35045 | Snake:2  | Lost mutation: Your transparent skin significantly reduces
                  | your foes' accuracy. (Stealth+) [Jiyva's grace]
 35045 | Snake:2  | Lost mutation: Your spells are a little easier to cast, but
                  | a little less powerful. [Jiyva's grace]
 35045 | Snake:2  | Lost mutation: You occasionally lose the ability to drink
                  | potions when taking damage. [Jiyva's grace]
 35045 | Snake:2  | Gained mutation: Your flesh is cold resistant. (rC+)
                  | [Jiyva's grace]
 35045 | Snake:2  | Gained mutation: Your flesh is very cold resistant. (rC++)
                  | [Jiyva's grace]
 35045 | Snake:2  | Gained mutation: Your flesh is almost immune to the effects
                  | of cold. (rC+++) [Jiyva's grace]
 35045 | Snake:2  | Gained mutation: You have a pair of small horns on your
                  | head. [Jiyva's grace]
 36555 | D:4      | Killed cforsyth's ghost
 36772 | D:5      | Killed Crazy Yiuf
 37831 | Snake:2  | Was forgiven by Okawaru
 38427 | Snake:3  | Reached skill level 5 in Evocations
 39115 | Snake:4  | Entered Level 4 of the Snake Pit
 39436 | Snake:4  | Found Beell's Antique Armour Boutique.
 39436 | Snake:4  | Found Gaamuj's Jewellery Shop.
 39438 | Snake:4  | Found Botooc Haesh's General Store.
 39442 | Snake:4  | Bought a scroll of teleportation for 51 gold pieces
 39442 | Snake:4  | Found Vomouwn's Distillery.
 39479 | Snake:4  | Bought a potion of curing for 48 gold pieces
 39479 | Snake:4  | Bought a potion of heal wounds for 80 gold pieces
 39479 | Snake:4  | Bought a potion of resistance for 160 gold pieces
 39479 | Snake:4  | Bought a potion of invisibility for 128 gold pieces
 39479 | Snake:4  | Bought a potion of invisibility for 128 gold pieces
 39479 | Snake:4  | Bought a potion of mutation for 128 gold pieces
 39877 | Snake:4  | Noticed Mlioglotl
 39899 | Snake:4  | Killed Mlioglotl
 40285 | Snake:4  | Acquired 890 gold pieces
 40323 | Snake:4  | Got a serpentine rune of Zot
 40699 | Vaults:1 | Entered Level 1 of the Vaults
 40735 | Vaults:1 | Reached skill level 10 in Evocations
 40758 | Vaults:1 | Lost mutation: You have sharp toenails. [Jiyva's grace]
 40758 | Vaults:1 | Gained mutation: You are robust. (+10% HP) [Jiyva's grace]
 40758 | Vaults:1 | Gained mutation: You are very robust. (+20% HP) [Jiyva's
                  | grace]
 40758 | Vaults:1 | Gained mutation: You are extremely robust. (+30% HP)
                  | [Jiyva's grace]
 40758 | Vaults:1 | Gained mutation: Your body has grown eyes which may confuse
                  | attackers. (Acc +3) [Jiyva's grace]
 40908 | Vaults:1 | Identified the scarf "Xirriunn" {repulsion, Int+2}
 41195 | Vaults:1 | Reached ***** piety under Jiyva
 41312 | Vaults:1 | Reached XP level 21. HP: 189/189 MP: 23/23
 42163 | Vaults:2 | Lost mutation: Your flesh is almost immune to the effects
                  | of cold. (rC+++) [Jiyva's grace]
 42163 | Vaults:2 | Gained mutation: You passively dampen the noise of your
                  | surroundings. [Jiyva's grace]
 42163 | Vaults:2 | Gained mutation: You are covered in slimy tendrils that may
                  | disarm your opponents. [Jiyva's grace]
 42163 | Vaults:2 | Gained mutation: Armour fits poorly on your pseudopods.
                  | [Jiyva's grace]
 42163 | Vaults:2 | Gained mutation: Armour fits poorly on your large
                  | pseudopods. [Jiyva's grace]
 42722 | Vaults:2 | Found a shimmering altar of Xom.
 42722 | Vaults:2 | Noticed Reyb's ghost (veteran DsGl)
 42723 | Vaults:2 | Found a runed translucent door.
 43650 | Vaults:3 | Reached ****** piety under Jiyva
 43650 | Vaults:3 | Lost mutation: You have a pair of small horns on your head.
                  | [Jiyva's grace]
 43650 | Vaults:3 | Lost mutation: You are extremely robust. (+30% HP) [Jiyva's
                  | grace]
 43650 | Vaults:3 | Gained mutation: You have a small jelly attached to you
                  | that may absorb projectiles. [Jiyva's grace]
 43650 | Vaults:3 | Gained mutation: You are partially covered in iridescent
                  | scales. (AC +2) [Jiyva's grace]
 43650 | Vaults:3 | Gained mutation: You are mostly covered in iridescent
                  | scales. (AC +4) [Jiyva's grace]
 43650 | Vaults:3 | Gained mutation: You are completely covered in iridescent
                  | scales. (AC +6) [Jiyva's grace]
 43663 | Vaults:3 | Found a staircase to the Crypt.
 44161 | Slime:5  | Identified the ring "Ladorph" {AC+4 Str+2 Stlth+}
 44163 | Slime:5  | Got a slimy rune of Zot
 44706 | Vaults:3 | Identified the +5 hand axe of Ypiuskiq {vamp, +Blink rN+
                  | Str+3 Dex-4}
 44744 | Vaults:3 | Reached skill level 15 in Evocations
 44984 | Vaults:3 | Found Nifroyri's Assorted Antiques.
 44993 | Vaults:3 | Bought a scroll of teleportation for 75 gold pieces
 44993 | Vaults:3 | Bought a scroll of blinking for 187 gold pieces
 44993 | Vaults:3 | Bought a potion of ambrosia for 200 gold pieces
 45222 | Vaults:3 | Noticed Mara
 45229 | Vaults:3 | Noticed jasper's illusion
 45261 | Vaults:3 | Killed Mara
 45262 | Vaults:3 | Reached XP level 22. HP: 98/182 MP: 3/24
 45435 | Vaults:4 | Reached skill level 5 in Dodging
 45617 | Vaults:4 | Found a magical portal.
 45622 | WizLab   | Entered The Hall of the Hellbinder
 46011 | WizLab   | Found a burning altar of Makhleb.
 46012 | WizLab   | Noticed Hitad
 46025 | WizLab   | Killed Hitad the Hellbinder
 46035 | WizLab   | Got the Tome of Generation
 46072 | WizLab   | Identified the +2 cloak "Moxteem" {Int+5 SInv}
 46795 | Vaults:4 | Reached skill level 21 in Fighting
 46942 | Vaults:4 | Lost mutation: You are completely covered in iridescent
                  | scales. (AC +6) [Jiyva's grace]
 46942 | Vaults:4 | Lost mutation: Your flesh is very cold resistant. (rC++)
                  | [Jiyva's grace]
 46942 | Vaults:4 | Lost mutation: Your flesh is cold resistant. (rC+) [Jiyva's
                  | grace]
 46942 | Vaults:4 | Lost mutation: You have a small jelly attached to you that
                  | may absorb projectiles. [Jiyva's grace]
 46942 | Vaults:4 | Gained mutation: You expend magic power (3 MP) to
                  | strengthen your wands. [Jiyva's grace]
 46942 | Vaults:4 | Gained mutation: Your muscles are strong. (Str +4, Int/Dex
                  | -1) [Jiyva's grace]
 46942 | Vaults:4 | Gained mutation: Your muscles are very strong. (Str +8,
                  | Int/Dex -2) [Jiyva's grace]
 46942 | Vaults:4 | Gained mutation: Your mind is acute. (Int +4, Str/Dex -1)
                  | [Jiyva's grace]
 46950 | Vaults:4 | Found Dusenik's Distillery.
 46958 | Vaults:4 | Bought a potion of might for 64 gold pieces
 46958 | Vaults:4 | Bought a potion of might for 64 gold pieces
 47491 | Vaults:5 | Entered Level 5 of the Vaults
 47609 | Vaults:5 | Reached XP level 23. HP: 192/192 MP: 1/25
 47768 | Vaults:5 | Noticed a dread lich
 47775 | Vaults:5 | Killed a dread lich
 47809 | Vaults:5 | HP: 8/193 [fire giant/bolt of fire (9)]
 47823 | Vaults:5 | HP: 9/193 [sphinx/divine providence (13)]
 47933 | Vaults:5 | Found the +12 pair of quick blades "Gyre" and "Gimble"
                  | {protect}
 48069 | Vaults:5 | Reached skill level 22 in Fighting
 48120 | Vaults:5 | Noticed an ancient lich
 48141 | Vaults:5 | Killed an ancient lich
 48249 | Vaults:5 | Identified the +5 hand axe of Araess {freeze, rElec rPois
                  | rC+ Str-4}
 48268 | Vaults:5 | Found the +8 longbow "Zephyr" {speed, Dex+3 SInv}
 48301 | Vaults:5 | Identified the +5 dagger "Eluzun" {heavy, Str+4}
 48618 | Vaults:5 | Identified the staff of death "Malus" {rN+ Int+5 Dex-4}
 48619 | Vaults:5 | Identified the staff of earth "Waur" {rC- rCorr Str+7}
 48842 | Vaults:5 | Identified the +2 leather armour of the Game of Kings
                  | {rPois}
 48937 | Vaults:5 | Identified the staff of fire "Woacw" {rF+ rC++ Dex+4 SInv
                  | Stlth+}
 48955 | Vaults:5 | Identified the +0 scale mail "Xoatyi" {rPois Int+4 Dex+3}
 48956 | Vaults:5 | Identified the +3 short sword "Leynwaocu" {flame, rF++
                  | Str+3 Dex+2}
 48966 | Vaults:5 | Got a silver rune of Zot
 49497 | Depths:1 | Entered Level 1 of the Depths
 49497 | Depths:1 | Found a one-way gate to the infinite horrors of the Abyss.
 49524 | Depths:1 | Found Wocsyinequ's Distillery.
 49526 | Depths:1 | Found Batsoa's Magic Scroll Emporium.
 49529 | Depths:1 | Found Lung's General Store.
 49532 | Depths:1 | Bought a potion of heal wounds for 105 gold pieces
 49532 | Depths:1 | Bought a potion of curing for 63 gold pieces
 49532 | Depths:1 | Bought a potion of haste for 210 gold pieces
 49532 | Depths:1 | Bought a potion of curing for 63 gold pieces
 49534 | Depths:1 | Bought a scroll of teleportation for 42 gold pieces
 49534 | Depths:1 | Bought a scroll of teleportation for 42 gold pieces
 49534 | Depths:1 | Bought 2 scrolls of enchant armour for 210 gold pieces
 49536 | Depths:1 | Bought a potion of might for 80 gold pieces
 50009 | Depths:1 | Lost mutation: You are mostly covered in iridescent scales.
                  | (AC +4) [Jiyva's grace]
 50009 | Depths:1 | Lost mutation: You are partially covered in iridescent
                  | scales. (AC +2) [Jiyva's grace]
 50009 | Depths:1 | Lost mutation: Armour fits poorly on your large pseudopods.
                  | [Jiyva's grace]
 50009 | Depths:1 | Lost mutation: You passively dampen the noise of your
                  | surroundings. [Jiyva's grace]
 50009 | Depths:1 | Gained mutation: You have a small jelly attached to you
                  | that may absorb projectiles. [Jiyva's grace]
 50009 | Depths:1 | Gained mutation: You are strong-willed. (Will+) [Jiyva's
                  | grace]
 50009 | Depths:1 | Gained mutation: You are highly strong-willed. (Will++)
                  | [Jiyva's grace]
 50009 | Depths:1 | Gained mutation: You are extremely strong-willed. (Will+++)
                  | [Jiyva's grace]
 50305 | Depths:1 | Found a gateway to Hell.
 50330 | Depths:1 | Found an opulent altar of Gozag.
 50376 | Depths:2 | Noticed Aizul
 50383 | Depths:2 | Killed Aizul
 50394 | Depths:2 | Reached XP level 24. HP: 185/202 MP: 6/25
 50435 | Depths:2 | Noticed Sojobo
 50444 | Depths:2 | Killed Sojobo
 50752 | Depths:2 | Found a one-way gate leading to the halls of Pandemonium.
 50915 | Depths:2 | Identified the +4 helmet of Acamad {Int+3}
 51163 | Depths:2 | Found a broken altar of Ashenzari.
 51413 | Depths:3 | Lost mutation: You are extremely strong-willed. (Will+++)
                  | [Jiyva's grace]
 51413 | Depths:3 | Lost mutation: You are highly strong-willed. (Will++)
                  | [Jiyva's grace]
 51413 | Depths:3 | Lost mutation: Your muscles are very strong. (Str +8,
                  | Int/Dex -2) [Jiyva's grace]
 51413 | Depths:3 | Lost mutation: Armour fits poorly on your pseudopods.
                  | [Jiyva's grace]
 51413 | Depths:3 | Lost mutation: Your translucent skin reduces your foes'
                  | accuracy. (Stealth+) [Jiyva's grace]
 51413 | Depths:3 | Lost mutation: Your translucent skin slightly reduces your
                  | foes' accuracy. (Stealth+) [Jiyva's grace]
 51413 | Depths:3 | Gained mutation: Your mind is very acute. (Int +8, Str/Dex
                  | -2) [Jiyva's grace]
 51413 | Depths:3 | Gained mutation: Your spells are a little harder to cast,
                  | but a little more powerful. [Jiyva's grace]
 51413 | Depths:3 | Gained mutation: Your spells are harder to cast, but more
                  | powerful. [Jiyva's grace]
 51413 | Depths:3 | Gained mutation: Your spells are much harder to cast, but
                  | much more powerful. [Jiyva's grace]
 51490 | Depths:3 | Reached skill level 23 in Fighting
 51910 | Depths:3 | Identified the +1 helmet of Makhleb's Scorn {Will+ Str+2}
 52188 | Depths:3 | Found a one-way gateway to a ziggurat.
 52260 | Depths:3 | Identified the ring of the Ant {rPois Will- rCorr EV+5
                  | Str+6}
 52465 | Depths:3 | Found a runed translucent door.
 52714 | Depths:4 | Entered Level 4 of the Depths
 52948 | Depths:4 | Found a gate to the Realm of Zot.
 53021 | Depths:4 | Noticed Margery
 53035 | Depths:4 | Killed Margery
 53168 | Depths:4 | Reached XP level 25. HP: 200/213 MP: 1/25
 53321 | Depths:4 | Lost mutation: You are strong-willed. (Will+) [Jiyva's
                  | grace]
 53321 | Depths:4 | Lost mutation: You are very robust. (+20% HP) [Jiyva's
                  | grace]
 53321 | Depths:4 | Gained mutation: You have acidic saliva. [Jiyva's grace]
 53321 | Depths:4 | Gained mutation: You have supernaturally acute eyesight.
                  | (SInv) [Jiyva's grace]
 53321 | Depths:4 | Gained mutation: You have a somewhat thin skeletal
                  | structure. (Dex +2, Stealth+) [Jiyva's grace]
 53321 | Depths:4 | Gained mutation: You have a moderately thin skeletal
                  | structure. (Dex +4, Stealth++) [Jiyva's grace]
 53785 | Zot:1    | Entered Level 1 of the Realm of Zot
 53916 | Zot:1    | Reached skill level 24 in Fighting
 54616 | Zot:1    | Identified the ring "Diuhiu Koda" {Fly rC+ Will+ Slay+3}
 55188 | Zot:2    | Reached skill level 15 in Polearms
 55320 | Zot:2    | Reached skill level 10 in Dodging
 55512 | Zot:2    | Lost mutation: Your muscles are strong. (Str +4, Int/Dex
                  | -1) [Jiyva's grace]
 55512 | Zot:2    | Lost mutation: Your spells are much harder to cast, but
                  | much more powerful. [Jiyva's grace]
 55512 | Zot:2    | Gained mutation: You have an increased reservoir of magic.
                  | (+10% MP) [Jiyva's grace]
 55512 | Zot:2    | Gained mutation: You have a considerably increased
                  | reservoir of magic. (+20% MP) [Jiyva's grace]
 55512 | Zot:2    | Gained mutation: You have a greatly increased reservoir of
                  | magic. (+30% MP) [Jiyva's grace]
 55512 | Zot:2    | Gained mutation: You are partially covered in iridescent
                  | scales. (AC +2) [Jiyva's grace]
 57098 | Zot:4    | Reached skill level 25 in Fighting
 57233 | Zot:4    | Reached XP level 26. HP: 206/206 MP: 4/33
 57309 | Zot:4    | Found a transporter.
 57314 | Zot:4    | Noticed an ancient lich
 57319 | Zot:4    | Noticed an ancient lich
 57340 | Zot:4    | Noticed Gehih's ghost (veteran MiBe)
 57388 | Zot:4    | Found a transporter.
 57410 | Zot:4    | Upgraded the game from 0.30-a0-953-g5f1da4a474 to
                  | 0.30-a0-956-gcec3b41aec
 57480 | Zot:4    | Noticed a Killer Klown
 57487 | Zot:4    | Killed a Killer Klown
 57724 | Zot:4    | Identified the +10 scale mail of the Ten Hells {rPois
                  | Will++ Str+3 Dex-2}
 58203 | Zot:5    | Entered Level 5 of the Realm of Zot
 58211 | Zot:5    | Lost mutation: You have a greatly increased reservoir of
                  | magic. (+30% MP) [Jiyva's grace]
 58211 | Zot:5    | Lost mutation: Your body has grown eyes which may confuse
                  | attackers. (Acc +3) [Jiyva's grace]
 58211 | Zot:5    | Gained mutation: You have sharp toenails. [Jiyva's grace]
 58211 | Zot:5    | Gained mutation: You have razor-sharp toenails. [Jiyva's
                  | grace]
 58211 | Zot:5    | Gained mutation: You have claws for feet. [Jiyva's grace]
 58211 | Zot:5    | Gained mutation: You have an unnaturally thin skeletal
                  | structure. (Dex +6, Stealth+++) [Jiyva's grace]
 59042 | Zot:5    | Noticed an orb of fire
 59060 | Zot:5    | Killed an orb of fire
 59116 | Zot:5    | Noticed a Killer Klown
 59134 | Zot:5    | Killed a Killer Klown
 59186 | Zot:5    | Noticed a Killer Klown
 59188 | Zot:5    | Noticed an orb of fire
 59190 | Zot:5    | Killed a Killer Klown
 59194 | Zot:5    | Gained mutation: You occasionally shout uncontrollably at
                  | your foes. [an orb of fire]
 59201 | Zot:5    | Killed an orb of fire
 59255 | Zot:5    | Noticed a Killer Klown
 59262 | Zot:5    | Noticed a Killer Klown
 59270 | Zot:5    | Killed a Killer Klown
 59276 | Zot:5    | Killed a Killer Klown
 59320 | Zot:5    | Noticed a Killer Klown
 59322 | Zot:5    | Noticed a Killer Klown
 59332 | Zot:5    | Killed a Killer Klown
 59334 | Zot:5    | Noticed a Killer Klown
 59339 | Zot:5    | Killed a Killer Klown
 59347 | Zot:5    | Killed a Killer Klown
 59418 | Zot:5    | Noticed a Killer Klown
 59445 | Zot:5    | Killed a Killer Klown
 59568 | Zot:5    | Noticed an orb of fire
 59578 | Zot:5    | Killed an orb of fire
 59628 | Zot:5    | Noticed an ancient lich
 59639 | Zot:5    | Killed an ancient lich
 59640 | Zot:5    | Reached skill level 26 in Fighting
 59647 | Zot:5    | Noticed an ancient lich
 59657 | Zot:5    | Killed an ancient lich
 59944 | Zot:5    | Reached XP level 27. HP: 214/215 MP: 4/30
 60053 | Zot:5    | Noticed a dread lich
 60068 | Zot:5    | Killed a dread lich
 60455 | Depths:3 | Voluntarily entered the Abyss.
 60462 | Abyss:5  | Found a corrupted altar of Lugonu.
 60612 | Abyss:5  | Paralysed by an air elemental for 1 turns
 60620 | Abyss:5  | Found a corrupted altar of Lugonu.
 60630 | Abyss:5  | Found a corrupted altar of Lugonu.
 60650 | Abyss:5  | Found a corrupted altar of Lugonu.
 60724 | Abyss:5  | Gained mutation: You are weak. (Str -2) [a neqoxec]
 60776 | Abyss:5  | Got an abyssal rune of Zot
 60816 | Abyss:5  | Found a corrupted altar of Lugonu.
 60818 | Depths:3 | Escaped the Abyss
 61127 | Crypt:1  | Entered Level 1 of the Crypt
 62115 | Crypt:1  | Lost mutation: You have an unnaturally thin skeletal
                  | structure. (Dex +6, Stealth+++) [Jiyva's grace]
 62115 | Crypt:1  | Lost mutation: You have a considerably increased reservoir
                  | of magic. (+20% MP) [Jiyva's grace]
 62115 | Crypt:1  | Lost mutation: You are covered in slimy tendrils that may
                  | disarm your opponents. [Jiyva's grace]
 62115 | Crypt:1  | Lost mutation: You have a small jelly attached to you that
                  | may absorb projectiles. [Jiyva's grace]
 62115 | Crypt:1  | Lost mutation: You expend magic power (3 MP) to strengthen
                  | your wands. [Jiyva's grace]
 62115 | Crypt:1  | Lost mutation: You have claws for feet. [Jiyva's grace]
 62115 | Crypt:1  | Lost mutation: You have razor-sharp toenails. [Jiyva's
                  | grace]
 62115 | Crypt:1  | Lost mutation: You have sharp toenails. [Jiyva's grace]
 62115 | Crypt:1  | Gained mutation: You have large cloven feet. [Jiyva's
                  | grace]
 62115 | Crypt:1  | Gained mutation: You have hoof-like feet. [Jiyva's grace]
 62115 | Crypt:1  | Gained mutation: You have hooves in place of feet. [Jiyva's
                  | grace]
 62115 | Crypt:1  | Gained mutation: You are very robust. (+20% HP) [Jiyva's
                  | grace]
 62799 | Crypt:2  | Reached skill level 27 in Fighting
 63484 | Crypt:3  | Entered Level 3 of the Crypt
 63608 | Crypt:3  | Found a runed translucent gate.
 63608 | Crypt:3  | Found a runed translucent gate.
 63609 | Crypt:3  | Found a runed translucent gate.
 63611 | Crypt:3  | Identified the +1 ring mail of Indomitability {rN+++ Regen+
                  | MP+9 Str-5}
 63611 | Crypt:3  | Noticed Omiorith's ghost (adept GrFi)
 63664 | Crypt:3  | Found an iron altar of Okawaru.
 64478 | Crypt:3  | Found a staircase to the Tomb.
 64685 | Crypt:3  | Noticed a royal mummy
 64693 | Crypt:3  | Killed a royal mummy
 64788 | Crypt:3  | Noticed a royal mummy
 64802 | Crypt:3  | Killed a royal mummy
 64854 | Crypt:3  | Found an ancient bone altar of Kikubaaqudgha.
 64858 | Crypt:3  | Found a basalt altar of Yredelemnul.
 64890 | Crypt:3  | Got Domy's Grimoire of Unhallowed Rites
 65176 | Tomb:1   | Entered Level 1 of the Tomb of the Ancients
 65554 | Tomb:1   | Lost mutation: You have hooves in place of feet. [Jiyva's
                  | grace]
 65554 | Tomb:1   | Lost mutation: You have hoof-like feet. [Jiyva's grace]
 65554 | Tomb:1   | Lost mutation: You have large cloven feet. [Jiyva's grace]
 65554 | Tomb:1   | Lost mutation: You have supernaturally acute eyesight.
                  | (SInv) [Jiyva's grace]
 65554 | Tomb:1   | Gained mutation: Your translucent skin slightly reduces
                  | your foes' accuracy. (Stealth+) [Jiyva's grace]
 65554 | Tomb:1   | Gained mutation: Your translucent skin reduces your foes'
                  | accuracy. (Stealth+) [Jiyva's grace]
 65554 | Tomb:1   | Gained mutation: Your transparent skin significantly
                  | reduces your foes' accuracy. (Stealth+) [Jiyva's grace]
 65554 | Tomb:1   | Gained mutation: You have a small jelly attached to you
                  | that may absorb projectiles. [Jiyva's grace]
 66029 | Tomb:1   | Noticed a royal mummy
 66058 | Tomb:1   | Killed a royal mummy
 66139 | Tomb:1   | Identified the staff of poison "Noneed" {rPois Int+2 Dex+2}
 66623 | Tomb:2   | Noticed a royal mummy
 66625 | Tomb:2   | Noticed a royal mummy
 66652 | Tomb:2   | Noticed a royal mummy
 66653 | Tomb:2   | Noticed a royal mummy
 66654 | Tomb:2   | Noticed a royal mummy
 66663 | Tomb:2   | Killed a royal mummy
 66671 | Tomb:2   | Killed a royal mummy
 66686 | Tomb:2   | Killed a royal mummy
 66687 | Tomb:2   | Killed a royal mummy
 66694 | Tomb:2   | Killed a royal mummy
 67256 | Tomb:1   | Noticed a royal mummy
 67256 | Tomb:1   | Noticed a royal mummy
 67265 | Tomb:1   | Killed a royal mummy
 67271 | Tomb:1   | Noticed a royal mummy
 67273 | Tomb:1   | Killed a royal mummy
 67273 | Tomb:1   | Noticed a royal mummy
 67273 | Tomb:1   | Noticed a royal mummy
 67282 | Tomb:1   | Killed a royal mummy
 67289 | Tomb:1   | Killed a royal mummy
 67297 | Tomb:1   | Killed a royal mummy
 67349 | Tomb:1   | Noticed a royal mummy
 67350 | Tomb:1   | Noticed a royal mummy
 67354 | Tomb:1   | Noticed a royal mummy
 67354 | Tomb:1   | Noticed a royal mummy
 67358 | Tomb:1   | Killed a royal mummy
 67370 | Tomb:1   | Noticed a royal mummy
 67385 | Tomb:1   | Killed a royal mummy
 67387 | Tomb:1   | Killed a royal mummy
 67391 | Tomb:1   | Killed a royal mummy
 67396 | Tomb:1   | Killed a royal mummy
 67408 | Tomb:1   | Noticed a royal mummy
 67411 | Tomb:1   | Noticed a royal mummy
 67415 | Tomb:1   | Noticed a royal mummy
 67417 | Tomb:1   | Killed a royal mummy
 67418 | Tomb:1   | Noticed a royal mummy
 67418 | Tomb:1   | Noticed a royal mummy
 67419 | Tomb:1   | Noticed a royal mummy
 67426 | Tomb:1   | Killed a royal mummy
 67435 | Tomb:1   | Killed a royal mummy
 67436 | Tomb:1   | Noticed a royal mummy
 67440 | Tomb:1   | Noticed a royal mummy
 67440 | Tomb:1   | Noticed a royal mummy
 67444 | Tomb:1   | Killed a royal mummy
 67460 | Tomb:1   | Killed a royal mummy
 67460 | Tomb:1   | Killed a royal mummy
 67460 | Tomb:1   | HP: 10/238 [something (26)]
 67543 | Tomb:1   | Killed a royal mummy
 67550 | Tomb:1   | Killed a royal mummy
 67565 | Tomb:1   | Killed a royal mummy
 67566 | Tomb:1   | Noticed a royal mummy
 67578 | Tomb:1   | Killed a royal mummy
 67736 | Tomb:1   | Noticed a royal mummy
 67741 | Tomb:1   | Noticed a royal mummy
 67742 | Tomb:1   | Noticed a royal mummy
 67747 | Tomb:1   | Killed a royal mummy
 67761 | Tomb:1   | Killed a royal mummy
 67772 | Tomb:1   | Killed a royal mummy
 67782 | Tomb:1   | Noticed a royal mummy
 67797 | Tomb:1   | Killed a royal mummy
 67980 | Tomb:1   | Gained mutation: You have hidden genetic defects.
                  | [mutagenic glow]
 67991 | Tomb:1   | Lost mutation: You have acidic saliva. [mutagenic glow]
 68001 | Tomb:1   | Gained mutation: You sometimes lose your temper in combat.
                  | [mutagenic glow]
 68018 | Tomb:1   | Gained mutation: Your body sometimes deteriorates upon
                  | taking damage. [mutagenic glow]
 68463 | Tomb:3   | Entered Level 3 of the Tomb of the Ancients
 68477 | Tomb:3   | Noticed a royal mummy
 68477 | Tomb:3   | Noticed a royal mummy
 68477 | Tomb:3   | Noticed a royal mummy
 68480 | Tomb:3   | Noticed a royal mummy
 68489 | Tomb:3   | Noticed a royal mummy
 68490 | Tomb:3   | Noticed a royal mummy
 68492 | Tomb:3   | Noticed a royal mummy
 68494 | Tomb:3   | Found the -2 hat of the Alchemist {rElec rPois rF+ rC+ rN+
                  | Will+ rMut rCorr}
 68574 | Tomb:3   | Noticed a royal mummy
 68584 | Tomb:3   | Lost mutation: You are very robust. (+20% HP) [hidden
                  | defects]
 68677 | Tomb:3   | Noticed a royal mummy
 68724 | Tomb:3   | Killed a royal mummy
 68924 | Tomb:3   | Killed a royal mummy
 68941 | Tomb:3   | Paralysed by a Zot trap for 3 turns
 68967 | Tomb:3   | Got a golden rune of Zot
 68988 | Tomb:3   | Killed a royal mummy
 69039 | Tomb:3   | Gained mutation: You are clumsy. (Dex -2) [hidden defects]
 69039 | Tomb:3   | Lost mutation: You have hidden genetic defects. [hidden
                  | defects expressed]
 69555 | Hell     | Entered the Vestibule of Hell
 69555 | Hell     | Noticed Geryon
 69601 | Hell     | Killed Geryon
 70483 | Hell     | Lost mutation: You sometimes lose your temper in combat.
                  | [Jiyva's grace]
 70483 | Hell     | Lost mutation: Your mind is very acute. (Int +8, Str/Dex
                  | -2) [Jiyva's grace]
 70483 | Hell     | Lost mutation: You are clumsy. (Dex -2) [Jiyva's grace]
 70483 | Hell     | Lost mutation: Your spells are harder to cast, but more
                  | powerful. [Jiyva's grace]
 70483 | Hell     | Lost mutation: Your spells are a little harder to cast, but
                  | a little more powerful. [Jiyva's grace]
 70483 | Hell     | Lost mutation: Your transparent skin significantly reduces
                  | your foes' accuracy. (Stealth+) [Jiyva's grace]
 70483 | Hell     | Gained mutation: You are partially covered in large bone
                  | plates. (SH +4) [Jiyva's grace]
 70483 | Hell     | Gained mutation: You are mostly covered in large bone
                  | plates. (SH +6) [Jiyva's grace]
 70483 | Hell     | Gained mutation: You are completely covered in large bone
                  | plates. (SH +8) [Jiyva's grace]
 70483 | Hell     | Gained mutation: Your transparent skin significantly
                  | reduces your foes' accuracy. (Stealth+) [Jiyva's grace]
 70550 | Hell     | Found a gateway to the ashen valley of Gehenna.
 70663 | Hell     | Found a gateway to the freezing wastes of Cocytus.
 70703 | Hell     | Found a gateway to the decaying netherworld of Tartarus.
 70794 | Hell     | Found a gateway to the Iron City of Dis.
 70809 | Dis:1    | Entered Level 1 of the Iron City of Dis
 71872 | Dis:7    | Entered Level 7 of the Iron City of Dis
 72178 | Dis:7    | HP: 2/218 [Hell Sentinel/damnation (28)]
 72179 | Dis:7    | Killed from afar by a Hell Sentinel

Illustrated notes

Levels and vault maps discovered:
D:1:      minmay_arrival_four_houses, layout_rooms
D:2:      layout_basic, kennysheep_minor_cross, roderic_malta_cross
D:3:      layout_basic, shapermc_ecumenical_altar_notcrosses,
          minmay_misc_feat_encased, solitary_fountain, guppyfry_early_lair_pool
D:4:      minmay_chambers_of_fours, layout_basic, minmay_temple_entry_offerings,
          biasface_ghost_orc_armoury
D:5:      layout_rooms, uniq_crazy_yiuf_cottage
D:6:      nicolae_BIG_FREAKIN_CUBE, layout_loops_corners, elyvilon_altar_3
D:7:      layout_basic, nicolae_hepliaklqana_hazy_memory, lemuel_tele_altar
D:8:      layout_loops_corners, nemelex_diamond_rough_becter,
          amethyst_overflow_temple_binary, minmay_crystal_water, uniq_pikel
D:9:      layout_small_grid, grunt_dithmenos_shadows, hellmonk_lair_entry_icy
D:10:     layout_stronghold, serial_demonic, serial_demonic_g, serial_demonic_b,
          serial_demonic_d, serial_demonic_f, serial_demonic_c,
          serial_demonic_g, serial_demonic_b, serial_demonic_c,
          serial_demonic_f, serial_demonic_e, minmay_misc_feat_plants
D:11:     layout_loops_corners, david_orc_5
D:12:     layout_big_octagon, serial_shops, nicolae_shop_hallway_plus,
          minmay_misc_feat_room, uniq_rupert, uniq_snorg
D:13:     layout_long_grid, david_vaults_3
D:14:     layout_loops_ring, minmay_misc_feat_nine_boxes,
          bh_hangedman_babel_library, uniq_jorgrun, uniq_frances
D:15:     gammafunk_enter_depths_forms, layout_loops_ring,
          nicolae_trove_entry_free_sample
Temple:   hellmonk_temple_of_storms
Lair:1:   layout_regular_city, beast_lair_carwin_1, uniq_sonja, uniq_harold
Lair:2:   layout_cave_pods, minmay_snake_entry_guardpost_medium, minmay_holes,
          serial_bayou_shore_b, grunt_megastairs_5
Lair:3:   layout_regular_city, swamp_mist_pool, ebering_ghost_funeral_grove,
          minivault_25, pdpol_lair_cabin_in_the_woods, wad_woods_river_01,
          lemuel_fruit_tree, uniq_amaemon
Lair:4:   layout_loops_ring, serial_bayou_pond_b, beast_lair_carwin_11
Lair:5:   hangedman_lair_caniforms_friends, layout_gridlike,
          guppyfry_lair_end_dragon, minmay_slime_entry_jelly_boxes,
          ebering_ghost_inner_flame, nicolae_volcano_entry_two_sided,
          infiniplex_staircase_pool_2
Swamp:1:  nicolae_swamp_wrong_neighborhood, layout_basic_swamp,
          evilmike_swamp_ruin_rubble_2
Swamp:2:  layout_basic_swamp, hangedman_swamp_ruin_wall, uniq_donald
Swamp:3:  gammafunk_mikee_crab_dinner, layout_falls_marsh, serial_swamp_ruin,
          evilmike_swamp_ruin_house_1, evilmike_swamp_ruin_house_6,
          evilmike_swamp_ruin_house_5
Swamp:4:  swamp_pestilence, layout_basic_swamp, swamp_pool5,
          infiniplex_staircase_pool
Snake:1:  layout_onion
Snake:2:  layout_gridlike, gammafunk_ghost_cemetery, serial_bayou_shore_b,
          grunt_megastairs_4
Snake:3:  layout_misc_corridors, nicolae_snake_snake_lake
Snake:4:  hellmonk_snake_rune_quicksilver_temple, layout_basic,
          minmay_shoptagon, uniq_mlioglotl
Slime:1:  layout_caves, cheibrodos_slime_lost_civilization_7
Slime:2:  layout_caves, cheibrodos_slime_lost_civilization_4
Slime:3:  layout_caves
Slime:4:  layout_caves
Slime:5
Orc:1:    layout_diamond_mine, serial_shops, shop
Orc:2:    st_orc_elflike, layout_diamond_mine, serial_shops, shop, shop_scrolls,
          nicolae_shop_hallway_plus, nicolae_shop_hallway_plus,
          nicolae_shop_advertising_works [nicolae_subvault_shop_adworks],
          basic_altar
Elf:1:    layout_loops_ring, hangedman_elf_disciples
Elf:2:    elven_hall_of_blades_hangedman_alternative [mumra_blade_entry_dagger],
          layout_geoelf_grid, serial_shops, nicolae_shop_window_shopping,
          uniq_zenata
Elf:3:    elf_hall_gauntlet_wide, layout_rooms, serial_shops, bzr_firewalk,
          nicolae_elf_elemental_lessons
Vaults:1: v_pattern_4, nicolae_vaults_statue_guard,
          nicolae_vaults_circle_grid_a, nicolae_vaults_little_squares_2,
          vaults_room_grunt_arrival_ludios, layout_vaults_omnigrid
Vaults:2: ebering_ghost_xom, v_misc_28, nicolae_vaults_network_barrier,
          nicolae_vaults_murderbox, ontoclasm_vaults_spin,
          nicolae_vaults_disjoint_gnomons, nicolae_vaults_three_branches,
          v_misc_24, nicolae_vaults_little_squares_4, v_alt_pattern_2,
          v_misc_23, vaults_dpeg_doors, layout_vaults_maze_bifur
Vaults:3: vaults_dpeg_encased_lava, vaults_room_hangedman_quadrants,
          minmay_crypt_entry_simple_plaza, ontoclasm_vaults_bender,
          hangedman_vaults_snaps, hangedman_vaults_cutoff,
          hangedman_vaults_corner, v_misc_18, grunt_vaults_diagonal,
          vaults_dpeg_emergency_exit, ontoclasm_vaults_gateway,
          nicolae_vaults_theta, v_misc_25, vaults_room_pools,
          layout_vaults_omnicross, serial_shops,
          nicolae_shop_temple_entry_statues_fountains, uniq_mara
Vaults:4: mu_enter_wizlab_1, ontoclasm_vaults_shuriken,
          nicolae_vaults_sealed_display, dpeg_vaults_monster_row,
          v_alt_pattern_3, nicolae_vaults_little_squares_2,
          ontoclasm_vaults_decontamination, ontoclasm_vaults_eye,
          ontoclasm_vaults_shout, hangedman_vaults_corner_blocks,
          grunt_vaults_funnel, v_misc_9, v_misc_11, v_misc_23,
          grunt_vaults_hallway_short, layout_vaults_ring, serial_shops,
          shop_statue
Vaults:5
Crypt:1:  layout_chaotic_city, grunt_megastairs_1, grunt_crypt_arrival_webbed
Crypt:2:  layout_gridlike
Crypt:3:  lightli_unholy_cathedral, layout_chaotic_city,
          tomb_entry_shell_bobbens, gammafunk_ghost_fury_of_okawaru,
          skrybe_necro_troll_2
Tomb:1
Tomb:2
Tomb:3
Depths:1: layout_roguey, grunt_gozag_breadcrumbs, hell_entry, abyss_entry,
          minmay_orc_keep, minmay_shop_star
Depths:2: nicolae_cairo_tiling_large_dashed, layout_gridlike, hell_entry,
          ashenzari_conservatory_becter, rand_demon_pan_entry_9, uniq_sojobo,
          uniq_aizul
Depths:3: minmay_connected_boxes_in_corner, layout_long_grid, enter_ziggurat_b,
          grunt_mini_vestibule, abyss_entry_crystal, minmay_acid_items
Depths:4: grunt_crosshair, layout_honeycomb, pf_coc_iceberg,
          minmay_misc_feat_four_crosses, serial_sigils,
          serial_sigils_hangedman_gnaw, serial_sigils_hangedman_scratch,
          serial_sigils_hangedman_carve, serial_sigils_hangedman_stare,
          uniq_margery
Hell
Dis:1:    layout_gridville
Dis:2:    nicolae_dis_array, layout_gridville
Dis:3:    layout_regular_city
Dis:4:    layout_gridville
Dis:5:    layout_regular_city
Dis:6:    layout_jigsaw, glass_columns_b
Dis:7:    dis_grunt_layers
Zot:1:    layout_cathedral_of_symmetry, zot_minivault_1
Zot:2:    layout_cellular_growth
Zot:3:    layout_misc_corridors
Zot:4:    layout_twisted_circle, gammafunk_ghost_mausoleum, grunt_ministairs_10
Zot:5:    layout_basic

Skill      XL: |  1  2  3  4  5  6  7  8  9 10 11 12 13 14 15 16 17 18 19 20 21 22 23 24 25 26 27 |
---------------+----------------------------------------------------------------------------------+-----
Fighting       | 3 4 6 9 12 14 16 18 20 21 22 23 25 26 27 | 27.0
Ranged Weapons | 5 6 |  6.7
Invocations    | 3 |  3.3
Polearms       | 2 7 10 12 13 14 15 16 18 | 18.8
Throwing       | 2 3 |  3.0
Dodging        | 2 4 6 8 9 10 11 14 | 14.7
Shields        | 2 4 12 17 20 21 22 23 24 26 | 26.5
Armour         | 4 9 12 14 16 19 20 21 22 23 25 | 25.7
Evocations     | 10 15 20 | 20.0
Stealth        | |  1.1

Action                     |  1- 3 |  4- 6 |  7- 9 | 10-12 | 13-15 | 16-18 | 19-21 | 22-24 | 25-27 || total
---------------------------+-------+-------+-------+-------+-------+-------+-------+-------+-------++-------
  Melee: Lance             |       |       |   172 |   677 |  1571 |  2157 |  2820 |  1345 |  3109 || 11851
         Headbutt          |       |       |       |       |       |       |   581 |       |       ||   581
         Pseudopods        |       |       |       |       |       |       |   163 |   334 |       ||   497
         Bite              |       |       |       |       |       |       |       |       |   322 ||   322
         Kick              |       |       |       |       |       |       |       |       |   413 ||   413
   Fire: Shortbow          |   119 |   262 |   121 |       |       |       |       |       |       ||   502
  Throw: Dart              |       |       |     6 |    72 |    19 |    28 |       |       |       ||   125
         Throwing net      |       |       |       |       |       |     1 |       |       |     1 ||     2
         Javelin           |       |       |       |       |       |       |     1 |     1 |    16 ||    18
 Invoke: Heroism           |       |       |     2 |     4 |     7 |     4 |       |       |       ||    17
         Finesse           |       |       |       |       |     2 |     2 |       |       |       ||     4
         Slimify           |       |       |       |       |       |       |     4 |       |       ||     4
         Oozemancy         |       |       |       |       |       |       |     1 |     2 |     1 ||     4
  Evoke: Wand              |       |       |     4 |     7 |    11 |       |       |     2 |    15 ||    39
         Tin of tremorston |       |       |       |       |       |     2 |     4 |    10 |    24 ||    40
         Condenser vane    |       |       |       |       |       |     2 |     4 |     7 |    17 ||    30
         Phantom mirror    |       |       |       |       |       |     1 |       |       |     1 ||     2
         Box of beasts     |       |       |       |       |       |       |       |       |     6 ||     6
         Horn of Geryon    |       |       |       |       |       |       |       |       |     3 ||     3
    Use: Scroll            |     1 |     8 |    10 |     6 |     9 |     4 |     1 |    16 |    27 ||    82
         Potion            |       |       |     1 |     2 |     2 |       |     7 |     3 |    15 ||    30
   Stab: Petrified         |       |       |       |       |       |     1 |       |       |       ||     1
         Confused          |       |       |       |       |       |     3 |    10 |     9 |     6 ||    28
         Distracted        |       |       |       |       |       |       |     2 |       |     2 ||     4
         Sleeping          |       |       |       |       |       |       |       |     2 |       ||     2
 Armour: Leather armour    |     2 |       |       |       |       |       |       |       |       ||     2
         Ring mail         |    24 |    87 |    48 |       |       |       |       |       |       ||   159
         Chain mail        |       |       |   104 |   205 |       |       |       |       |       ||   309
         Scale mail        |       |       |       |    11 |   970 |  1130 |   681 |       |       ||  2792
         Skin              |       |       |       |       |       |     5 |       |       |       ||     5
         Quicksilver drago |       |       |       |       |       |       |   295 |   515 |       ||   810
         Gold dragon scale |       |       |       |       |       |       |       |   149 |  2025 ||  2174
  Dodge: Dodged            |    29 |   115 |   145 |   148 |   631 |   596 |   777 |   431 |  1337 ||  4209
  Block: Buckler           |       |       |    17 |    70 |   277 |    76 |       |       |       ||   440
         Kite shield       |       |       |       |       |       |   333 |  1243 |   952 |  2912 ||  5440
         Reflection        |       |       |       |       |       |    49 |    73 |       |       ||   122
         Tower shield      |       |       |       |       |       |   655 |   945 |       |       ||  1600

Table legend: (Time is in decaauts)
 A = Elapsed time spent in this place.
 B = Non-inter-level travel time spent in this place.
 C = Inter-level travel time spent in this place.
 D = Time resting spent in this place.
 E = Time spent auto-exploring this place.
 F = Levels seen in this place.
 G = Mean time per level.
                   A        B        C        D        E       F      G
               +--------+--------+--------+--------+--------+-----+--------+
         Total |  67551 |  60459 |   7092 |   5441 |  36589 |  76 |  888.8 |
       Dungeon |  17222 |  15011 |   2211 |   1841 |   9696 |  15 | 1148.1 |
        Temple |     44 |     30 |     14 |      0 |     12 |   1 |   44.0 |
          Lair |   6327 |   5237 |   1090 |     58 |   3556 |   5 | 1265.4 |
         Swamp |   3074 |   2761 |    313 |     73 |   1613 |   4 |  768.5 |
     Snake Pit |   4283 |   3898 |    385 |    440 |   2230 |   4 | 1070.8 |
    Slime Pits |   1642 |   1472 |    170 |    100 |   1214 |   5 |  328.4 |
  Orcish Mines |   1927 |   1584 |    343 |     44 |   1088 |   2 |  963.5 |
   Elven Halls |   3176 |   2949 |    227 |    423 |    948 |   3 | 1058.7 |
        Vaults |   7352 |   6474 |    878 |     65 |   4443 |   5 | 1470.4 |
         Crypt |   3957 |   3712 |    245 |     40 |   2787 |   3 | 1319.0 |
          Tomb |   3908 |   3427 |    481 |    783 |   1178 |   3 | 1302.7 |
        Depths |   4763 |   4482 |    281 |    494 |   3000 |   4 | 1190.8 |
          Hell |    685 |    678 |      7 |    104 |    332 |   1 |  685.0 |
           Dis |    916 |    879 |     37 |    165 |     49 |   7 |  130.9 |
           Zot |   6270 |   5866 |    404 |    787 |   3907 |   5 | 1254.0 |
         Abyss |   1325 |   1325 |      0 |     15 |    336 |   6 |  220.8 |
        Bazaar |     24 |     24 |      0 |      0 |     20 |   1 |   24.0 |
       Volcano |    208 |    208 |      0 |      6 |      0 |   1 |  208.0 |
        Wizlab |    439 |    439 |      0 |      0 |    178 |   1 |  439.0 |
               +--------+--------+--------+--------+--------+-----+--------+

Top non-repeatable levels by time:
  Tomb:1: 2271 daAuts
     D:3: 1997 daAuts
   Zot:5: 1973 daAuts
     D:4: 1967 daAuts
    D:11: 1780 daAuts
Vaults:5: 1660 daAuts
 Crypt:3: 1649 daAuts
Vaults:3: 1556 daAuts
  Lair:2: 1496 daAuts
Vaults:4: 1487 daAuts
Depths:1: 1484 daAuts
 Snake:2: 1443 daAuts
    D:10: 1388 daAuts
  Lair:1: 1376 daAuts
Vaults:1: 1371 daAuts
